 Dungeon Crawl Stone Soup version 0.27-a0-1456-gf5a116941d (webtiles) character file.

Game seed: 1041976310844706002

1134896 Zonian the Axe Maniac (level 27, -3/214 HPs)
             Began as a Gnoll Conjurer on June 28, 2021.
             Was the Champion of Yredelemnul.
             Killed by drain life
             ... invoked by a soul eater
              (8 damage)
             ... on level 2 of the Abyss on July 6, 2021.
             The game lasted 17:00:34 (185226 turns).

Zonian the Axe Maniac (Gnoll Conjurer)            Turns: 185226, Time: 17:00:35

Health: -3/214     AC: 33    Str: 12    XL:     27
Magic:  18/58      EV: 19    Int: 34    God:    Yredelemnul [******]
Gold:   4273       SH: 17    Dex: 12    Spells: 3/71 levels left

rFire    + + .     SeeInvis +   r - +9 broad axe of the Lesser Evil {drain, *Slow +Blink rElec rN+}
rCold    + . .     Faith    .   b - +1 kite shield of Bamuosas {Int+6 Stlth+}
rNeg     + . .     Spirit   .   R - +7 swamp dragon scales
rPois    +         Reflect  .   l - +2 helmet {Int+3}
rElec    +         Harm     .   H - scarf {rC+ rF+}
rCorr    .         Rampage  .   d - +2 pair of gloves {Str+3}
Will     +++..                  X - +2 pair of boots "Aphu Poirch" {rElec rF+ SInv}
Stlth    +++++++++.             V - amulet "Geludya" {RegenMP Slay+6}
HPRegen  0.00/turn              C - ring of magical power
MPRegen  0.61/turn              c - ring "Nanedwae" {Fly Will+ Int+4}

@: flying, diseased, studying 4 skills
A: fangs 1, strong nose, distributed training, talons 1, thin skeletal structure
1, clumsy 1, dopey 2, frail 1, poison resistance, inhibited regeneration, weak
1, no potion heal 1, subdued magic 1
}: 11/15 runes: decaying, serpentine, slimy, silver, obsidian, icy, demonic,
glowing, magical, fiery, dark
a: Renounce Religion, Evoke Blink, Recall Undead Slaves, Injury Mirror, Animate
Dead, Drain Life, Enslave Soul


You were on level 2 of the Abyss.
You worshipped Yredelemnul.
Yredelemnul was exalted by your worship.
You visited 15 branches of the dungeon, and saw 75 of its levels.
You visited Pandemonium 3 times, and saw 18 of its levels.
You visited the Abyss 1 time.
You visited 1 bazaar.
You also visited: Trove.

You collected 15328 gold pieces.
You spent 11055 gold pieces at shops.

Inventory:

Hand Weapons
 a - the +6 fustibalus of the Bruised Songs {vorpal, rN+ Str-3 Stlth+}
   (You bought it in a shop on level 1 of the Elven Halls)

   Any stone fired from it inflicts extra damage.
   Str:       It affects your strength (-3).
   rN:        It protects you from negative energy.
   Stlth:     It makes you more stealthy.
 r - the +9 broad axe of the Lesser Evil (weapon) {drain, *Slow +Blink rElec rN+}
   (You took it off a red draconian on level 5 of the Depths)

   A truly terrible weapon, it drains the life of those it strikes.
   rElec:     It insulates you from electricity.
   rN:        It protects you from negative energy.
   +Blink:    It lets you blink.
   *Slow:     It may slow you when you take damage.
 v - the +6 great sword "Nuacra" {spect, rF- rN+ Will+++}
   (You found it on level 2 of the Abyss)

   When it strikes, its spirit leaps out and fights alongside the wielder.
   rF:        It makes you vulnerable to fire.
   rN:        It protects you from negative energy.
   Will:      It greatly increases your willpower.
 w - the +7 Spriggan's Knife {stab, EV+4 Stlth+}
   (You took it off a deep elf annihilator on level 3 of the Elven Halls)

   EV:        It affects your evasion (+4).
   Stlth:     It makes you more stealthy.
 U - the +9 staff of Wucad Mu {*channel}
   (You bought it in a shop on level 3 of the Elven Halls)
Missiles
 h - 6 silver javelins
 D - 39 curare-tipped darts
 S - 299 sling bullets
Armour
 b - the +1 kite shield of Bamuosas (worn) {Int+6 Stlth+}
   (You found it in a treasure trove)

   Int:       It affects your intelligence (+6).
   Stlth:     It makes you more stealthy.
 d - a +2 pair of gloves of strength (worn)
 l - a +2 helmet of intelligence (worn)
 F - +3 ice dragon scales
 H - a scarf of resistance (worn)
 R - +7 swamp dragon scales (worn)
 X - the +2 pair of boots "Aphu Poirch" (worn) {rElec rF+ SInv}
   (You bought it in a shop on level 2 of the Orcish Mines)

   rF:        It protects you from fire.
   rElec:     It insulates you from electricity.
   SInv:      It lets you see invisible.
Magical Staves
 u - a staff of conjuration
Jewellery
 c - the ring "Nanedwae" (right hand) {Fly Will+ Int+4}
   (You acquired it on level 3 of the Snake Pit)

   [ring of flight]

   Int:       It affects your intelligence (+4).
   Fly:       It grants you flight.
   Will:      It increases your willpower.
 m - the ring "Xegefosy" {rPois rN+++ Int+2 Dex-5 SInv}
   (You took it off a red devil on level 7 of Gehenna)

   [ring of poison resistance]

   Int:       It affects your intelligence (+2).
   Dex:       It affects your dexterity (-5).
   rPois:     It protects you from poison.
   rN:        It renders you almost immune to negative energy.
   SInv:      It lets you see invisible.
 C - a ring of magical power (left hand)
 O - the amulet "Etaerhaofi" {rF+ Regen+ Str+4}
   (You took it off a deep elf zephyrmancer on level 3 of the Elven Halls)

   [amulet of regeneration]

   Str:       It affects your strength (+4).
   rF:        It protects you from fire.
   Regen:     It increases your rate of health regeneration.
 V - the amulet "Geludya" (around neck) {RegenMP Slay+6}
   (You found it on level 7 of Gehenna)

   [amulet of magic regeneration]

   It increases your rate of magic regeneration.
   Slay:      It affects your accuracy & damage with ranged weapons and melee
   (+6).
Wands
 j - a wand of digging (6)
 E - a wand of iceblast (4)
 J - a wand of acid (3)
 Q - a wand of mindburst (11)
Scrolls
 g - 5 scrolls of fog
 p - 8 scrolls of teleportation
 q - 9 scrolls of immolation
 x - 5 scrolls of silence
 I - 4 scrolls of magic mapping
 L - 5 scrolls of amnesia
 M - 7 scrolls of fear
 Z - 5 scrolls of summoning
Potions
 e - 17 potions of curing
 f - 5 potions of cancellation
 k - 5 potions of brilliance
 n - 4 potions of invisibility
 o - 7 potions of berserk rage
 z - 3 potions of mutation
 A - 7 potions of might
 B - 3 potions of haste
 G - 2 potions of heal wounds
 N - 6 potions of ambrosia
 T - 3 potions of resistance
Miscellaneous
 i - the horn of Geryon
 s - a tin of tremorstones (2/2)
 t - a lightning rod (4/4)
 y - a phantom mirror
 K - a box of beasts
 W - a condenser vane


   Skills:
 + Level 24.1 Fighting
 + Level 22.6 Short Blades
 + Level 22.6 Long Blades
 O Level 27 Axes
 + Level 24.1 Maces & Flails
 + Level 22.6 Polearms
 + Level 25.1 Staves
 O Level 27 Slings
 + Level 22.6 Bows
 + Level 22.6 Crossbows
 + Level 22.6 Throwing
 + Level 22.6 Armour
 + Level 22.9 Dodging
 + Level 22.8 Stealth
 + Level 22.6 Shields
 + Level 22.6 Unarmed Combat
 + Level 22.9 Spellcasting
 + Level 20.5 Conjurations
 + Level 19.6 Hexes
 + Level 19.6 Summonings
 + Level 19.6 Necromancy
 + Level 19.6 Translocations
 + Level 19.6 Transmutations
 + Level 19.6 Fire Magic
 + Level 19.6 Ice Magic
 + Level 19.6 Air Magic
 + Level 19.6 Earth Magic
 + Level 19.6 Poison Magic
 + Level 24.2 Invocations
 + Level 26.0 Evocations


You had 3 spell levels left.
You knew the following spells:

 Your Spells              Type           Power      Damage    Failure   Level
a - Magic Dart            Conj           100%       1d8       0%          1
b - Borgnjor's Vile Clut  Necr/Erth      46%        N/A       0%          5
c - Iskenderun's Mystic   Conj/Tloc      94%        2d18      0%          4
d - Swiftness             Air            93%        N/A       0%          3
e - Airstrike             Air            46%        N/A       0%          4
f - Lightning Bolt        Conj/Air       47%        1d67      0%          5
g - Metabolic Englaciati  Hex/Ice        46%        N/A       0%          5
h - Stone Arrow           Conj/Erth      100%       3d13      0%          3
i - Lee's Rapid Deconstr  Erth           46%        3d23*     0%          5
j - Spellforged Servitor  Conj/Summ      47%        N/A       1%          7
k - Bolt of Magma         Conj/Fire/Erth 47%        4d19      0%          5
l - Iron Shot             Conj/Erth      47%        9d9       1%          6
m - Blink                 Tloc           N/A        N/A       0%          2
n - Summon Hydra          Summ           46%        N/A       1%          7
o - Lesser Beckoning      Tloc           46%        N/A       0%          3
p - Portal Projectile     Hex/Tloc       100%       N/A       0%          3

Your spell library contained the following spells:

 Spells                   Type           Power      Damage    Failure   Level
 Animate Skeleton         Necr           100%       N/A       0%          1
 Apportation              Tloc           100%       N/A       0%          1
 Corona                   Hex            100%       N/A       0%          1
 Foxfire                  Conj/Fire      100%       2x1d9     0%          1
 Freeze                   Ice            100%       1d11      0%          1
 Pain                     Necr           100%       1d9       0%          1
 Sandblast                Erth           100%       2d20      0%          1
 Shock                    Conj/Air       100%       1d9       0%          1
 Sting                    Tmut/Pois      100%       1d8       0%          1
 Summon Small Mammal      Summ           100%       N/A       0%          1
 Call Imp                 Summ           93%        N/A       0%          2
 Corpse Rot               Necr/Air       N/A        N/A       0%          2
 Ensorcelled Hibernation  Hex/Ice        100%       N/A       0%          2
 Passwall                 Tmut/Erth      77%        N/A       0%          2
 Poisonous Vapours        Pois/Air       100%       N/A       0%          2
 Searing Ray              Conj           100%       3d7       0%          2
 Slow                     Hex            93%        N/A       0%          2
 Static Discharge         Conj/Air       94%        N/A       0%          2
 Sublimation of Blood     Necr           46%        N/A       0%          2
 Confusing Touch          Hex            93%        N/A       0%          3
 Conjure Flame            Conj/Fire      94%        6-21      0%          3
 Dazzling Flash           Conj/Hex       100%       N/A       0%          3
 Frozen Ramparts          Ice            100%       1d12      0%          3
 Gell's Gravitas          Tloc           46%        N/A       0%          3
 Ignite Poison            Fire/Tmut/Pois 93%        N/A       0%          3
 Inner Flame              Hex/Fire       93%        N/A       0%          3
 Mephitic Cloud           Conj/Pois/Air  94%        N/A       0%          3
 Ozocubu's Armour         Ice            93%        N/A       0%          3
 Spider Form              Tmut/Pois      46%        N/A       0%          3
 Teleport Other           Tloc           93%        N/A       0%          3
 Tukima's Dance           Hex            93%        N/A       0%          3
 Vampiric Draining        Necr           46%        2d12      0%          3
 Animate Armour           Summ/Erth      100%       N/A       0%          4
 Animate Dead             Necr           46%        N/A       0%          4
 Cause Fear               Hex            46%        N/A       0%          4
 Dispel Undead            Necr           93%        3d29      0%          4
 Fulminant Prism          Conj/Hex       47%        3d21      0%          4
 Hailstorm                Conj/Ice       94%        3d19      0%          4
 Ice Form                 Ice/Tmut       93%        N/A       0%          4
 Olgreb's Toxic Radiance  Pois           93%        N/A       0%          4
 Petrify                  Tmut/Erth      93%        N/A       0%          4
 Sticky Flame             Conj/Fire      94%        2d10      0%          4
 Summon Ice Beast         Ice/Summ       93%        N/A       0%          4
 Summon Lightning Spire   Summ/Air       93%        N/A       0%          4
 Alistair's Intoxication  Tmut/Pois      62%        N/A       0%          5
 Blade Hands              Tmut           46%        N/A       0%          5
 Excruciating Wounds      Necr           46%        N/A       0%          5
 Freezing Cloud           Conj/Ice/Air   47%        6-21      0%          5
 Irradiate                Conj/Tmut      47%        3d29      0%          5
 Iskenderun's Battlesphe  Conj           95%        2d14      0%          5
 Silence                  Hex/Air        46%        N/A       0%          5
 Summon Forest            Summ/Tloc      46%        N/A       0%          5
 Summon Mana Viper        Hex/Summ       93%        N/A       0%          5
 Yara's Violent Unravell  Hex/Tmut       46%        3d18      0%          5
 Conjure Ball Lightning   Conj/Air       47%        3x3d16    1%          6
 Death Channel            Necr           46%        N/A       1%          6
 Eringya's Noxious Bog    Tmut/Pois      46%        N/A       1%          6
 Invisibility             Hex            46%        N/A       1%          6
 Shadow Creatures         Summ           N/A        N/A       1%          6
 Simulacrum               Ice/Necr       46%        N/A       1%          6
 Statue Form              Tmut/Erth      62%        N/A       1%          6
 Dragon Form              Tmut           46%        N/A       1%          7
 Haunt                    Necr/Summ      46%        N/A       1%          7
 Monstrous Menagerie      Summ           46%        N/A       1%          7
 Orb of Destruction       Conj           47%        9d15      1%          7
 Ozocubu's Refrigeration  Ice            46%        4d14      1%          7
 Storm Form               Tmut/Air       46%        N/A       1%          7
 Borgnjor's Revivificati  Necr           46%        N/A       1%          8
 Discord                  Hex            46%        N/A       1%          8
 Ignition                 Fire           46%        3d13      1%          8
 Infestation              Necr           46%        N/A       1%          8
 Maxwell's Capacitive Co  Air            46%        ∞         1%          8
 Necromutation            Tmut/Necr      46%        N/A       1%          8
 Chain Lightning          Conj/Air       47%        3d62      24%         9
 Fire Storm               Conj/Fire      47%        8d12      24%         9
 Death's Door             Necr           46%        N/A       28%         9
 Dragon's Call            Summ           46%        N/A       28%         9
 Polar Vortex             Ice            46%        N/A       28%         9
 Shatter                  Erth           46%        3d36*     28%         9


Dungeon Overview and Level Annotations

Branches:
Dungeon (15/15)            Temple (0/1) D:6            Lair (6/6) D:11
  Swamp (4/4) Lair:4        Snake (4/4) Lair:3        Slime (5/5) Lair:5
    Orc (2/2) D:11            Elf (3/3) Orc:2        Vaults (5/5) D:14
  Crypt (3/3) Vaults:3     Depths (5/5) D:15           Hell (visited)
    Dis (7/7) Hell            Geh (7/7) Hell            Coc (7/7) Hell
    Tar (0/7) Hell            Zot (1/5) Depths:5
   Tomb: Crypt:3

Altars:
Ashenzari
Elyvilon
Gozag
Kikubaaqudgha
Uskayaw
Vehumet
Xom
Yredelemnul
Beogh
Jiyva

Shops:
Orc:2 [![**=[:   Elf:1 (   Elf:3 (   Snake:1 *=   Vaults:1 [   Depths:1 :?(!(
Depths:4 [(*

Portals:
Hell: Depths:1 Depths:2 Depths:3 Depths:4 Depths:5
Abyss: Depths:2 Depths:4 Depths:5
Pandemonium: Depths:1 Depths:2 Depths:3 Depths:5
Ziggurat: Depths:1

Annotations:
D:3 1 runed translucent door, Crazy Yiuf
Lair:4 exclusion: 3 oklob plants
Elf:2 3 runed translucent doors


Innate Abilities, Weirdness & Mutations

You have very sharp teeth.
Your uncanny sense of smell can sniff out nearby items.
Your experience applies equally to all skills.
You have sharp toenails.
You have a somewhat thin skeletal structure. (Dex +2, Stealth+)
You are clumsy. (Dex -2)
You are very dopey. (Int -4)
You are frail. (-10% HP)
Your system is resistant to poisons. (rPois)
You do not regenerate when monsters are visible.
You are weak. (Str -2)
Potions are less effective at restoring your health.
Your spells are a little easier to cast, but a little less powerful.


Message History

Confirm with . or Enter, or press ? or * to list all spells.
You blink.
The vampire mosquito disappears in a puff of smoke!
Your hell hog zombie bites the worldbinder!
A starcursed mass splits.
Found a glowing mace.
As you read the scroll of fog, it crumbles to dust.
The scroll dissolves into smoke.
The worldbinder hits you but does no damage.
You block the worldbinder's attack.
A starcursed mass splits. x2
A deafening chorus of shrieks assaults your mind!
* * * LOW HITPOINT WARNING * * *
You suddenly lose the ability to move!
Your hell hog zombie bites the worldbinder.
You can move again.
Okay, then.
Okay, then.
Okay, then.
Casting: Blink (safe; 0% risk of failure)
Confirm with . or Enter, or press ? or * to list all spells.
Okay, then.
Your system partially rejects the healing.
You feel much better.
You feel ill.
The worldbinder calls forth creatures from the Swamp!
A soul eater comes into view.
Your hell hog zombie bites the worldbinder.
The large abomination hits your hell hog zombie!
Your hell hog zombie is destroyed!
A deafening chorus of shrieks assaults your mind!
* * * LOW HITPOINT WARNING * * *
You shrug off the repeated paralysis!
Okay, then.
Press: ? - help, v - describe, . - travel
Here: a bog body (black smoke, summoned)
The floor.
You draw life from your surroundings.
You block the worldbinder's attack. The worldbinder completely misses you.
The soul eater draws from the surrounding life force!
You die...
Your body rises from the dead as a mindless zombie.

## #§... .## .. #
##.###.##.#.# .
#..##X.#..#.#.## # .
. .#
.....#.X......##.###
# ..#..XX.......# #.
. #....X.).#..#.#...
# #....)X)§§§.# ....
. +.....#...x§§.# .
.# .#......x§@§§##..
..
###....§§n§§#.#....
.......§§§§# *...
#..........#... ..
.3.........#.. ..
...)....#.... ...
....... ...#...
.....). ...#


You could see 5 starcursed masses, a soul eater, an ancient zyme, a large
abomination, a worldbinder and a bog body (summoned).

Vanquished Creatures
  Cerebov (Pan)
  Antaeus (Coc:7)
  Asmodeus (Geh:7)
  the Royal Jelly (Slime:5)
  Dissolution (Slime:2)
  Gloorx Vloq (Pan)
  the Serpent of Hell (Coc:7)
  Mnoleg (Pan)
  Lom Lobon (Pan)
  4 dread liches
  Mennas (Depths:5)
  5 ancient liches
  Sojobo (Vaults:5)
  Frederick (Crypt:3)
  Vashnia (Snake:2)
  6 shard shrikes
  6 golden dragons
  Jory (Vaults:4)
  5 bone dragons
  A hellephant (Depths:1)
  A profane servitor (Depths:4)
  A pearl dragon (Pan)
  18 Brimstone Fiends
  6 tentacled monstrosities
  6 Tzitzimimeh (Pan)
  2 iron giants
  8 Hell Sentinels
  22 Ice Fiends
  10 pandemonium lords (Pan)
  7 liches
  2 deep elf master archers (Elf:3)
  3 quicksilver dragons
  A deep elf blademaster (Elf:3)
  6 tentacled starspawn (Abyss:2)
  3 titans (Vaults:5)
  33 Executioners (Pan)
  2 death cobs (Zot:1)
  4 sphinxes
  6 ancient champions
  An eldritch tentacle (Pan)
  16 acid blobs
  Frances (Swamp:1)
  2 thorn hunters
  Kirke (D:14)
  3 shadow dragons
  6 tengu reavers
  6 storm dragons
  12 rockslimes
  9 azure jellies
  2 revenants
  5 nagarajas (Snake:4)
  8 fire giants
  17 corrupters (Pan)
  A fenstrider witch (Swamp:2)
  5 draconian monks
  6 frost giants
  2 draconian knights
  31 balrugs
  25 cacodemons (Pan)
  4 deep elf sorcerers
  An orc warlord (Vaults:3)
  6 vault wardens
  7 ghouls
  2 ghost moths (Zot:1)
  2 curse skulls (Pan)
  Louise (Depths:4)
  3 angels (Pan)
  A draconian stormcaller (Zot:1)
  4 warmongers (Pan)
  3 deep elf elementalists (Elf:3)
  6 ironbound preservers
  5 spriggan defenders
  8 blood saints (Pan)
  2 draconian annihilators
  4 war gargoyles
  12 stone giants
  37 reapers
  22 very ugly things
  3 juggernaut skeletons
  7 quicksilver oozes
  15 vampire knights
  3 elemental wellsprings
  An ophan (Pan)
  A green draconian (Depths:5)
  2 apis (Pan)
  A dire elephant (Vaults:1)
  5 deep elf demonologists
  18 lorocyprocas
  Nessos (D:15)
  10 black suns (Pan)
  8 deep elf annihilators
  6 purple draconians
  5 black draconians
  3 bunyips
  5 red draconians
  Snorg (Lair:5)
  3 spark wasps
  A yellow draconian (Zot:1)
  7 white draconians
  An eleionoma (Swamp:4)
  21 blizzard demons
  A crystal guardian (Vaults:3)
  An eidolon (Abyss:2)
  17 green deaths
  A kraken zombie (Coc:2)
  6 jiangshi
  8 ettins
  6 deep elf death magi
  7 great orbs of eyes
  10 fire dragons
  5 deep elf high priests (Vaults:5)
  3 quicksilver dragon zombies
  2 hell beasts
  5 yaktaur captains
  A shambling mangrove (Swamp:4)
  11 monstrous demonspawn
  5 rakshasas
  4 salamander tyrants
  23 vault guards (Vaults:5)
  5 naga warriors (Snake:4)
  16 ice dragons
  4 quicksilver dragon skeletons
  7 spriggan air magi
  5 catoblepae
  2 boulder beetles
  2 death knights
  21 hydras
  A two-headed ogre (shapeshifter) (Depths:4)
  9 ogre magi
  2 ghost crabs
  6 ironbound frosthearts
  A juggernaut simulacrum (Pan)
  An anaconda (Snake:4)
  12 centaur warriors
  9 dancing weapons
  6 alligators
  22 hell hogs
  16 two-headed ogres
  13 naga sharpshooters
  12 death yaks
  A deep troll earth mage (Depths:1)
  5 holy swine (Pan)
  10 shock serpents
  2 orc high priests
  4 tengu warriors
  8 vampire magi
  2 deep troll shamans (Depths:1)
  3 thrashing horrors (Abyss:2)
  3 titan zombies
  18 hell knights
  7 ironbound beastmasters
  3 spriggan berserkers
  3 wretched stars (Abyss:2)
  Sonja (Lair:1)
  7 deep elf knights
  2 iron golems (Depths:1)
  4 storm dragon zombies
  90 sun demons
  11 shadow wraiths
  A spatial maelstrom (Abyss:2)
  66 soul eaters
  37 skeletal warriors
  A spectral spriggan (Swamp:1)
  3 ghost moth zombies
  2 storm dragon skeletons
  33 sixfirhies (Pan)
  2 titan skeletons
  An iron troll (Depths:1)
  4 salamander mystics
  5 torturous demonspawn (Pan)
  7 anaconda zombies
  2 cherubim (Pan)
  27 shadow demons (Pan)
  2 golden dragon zombies
  4 naga ritualists
  12 gelid demonspawn (Pan)
  19 deep trolls
  2 death drakes (Depths:5)
  4 glowing orange brains
  7 bog bodies
  8 deep elf archers
  4 goliath frogs
  3 spriggan druids
  5 flayed ghosts
  16 infernal demonspawn
  13 ironbound convokers
  8 wizards
  A tengu zombie (Vaults:4)
  10 lindwurms
  7 phantasmal warriors
  2 shadow dragon zombies
  5 swamp dragons (Swamp:4)
  4 mana vipers
  A wolf spider zombie (Coc:7)
  2 iron dragon zombies
  3 anaconda skeletons
  24 necromancers
  2 golden dragon skeletons
  2 stone giant zombies
  3 orc knights
  2 orb spiders (Zot:1)
  A wolf spider (D:14)
  5 cyclopes
  3 shadow dragon skeletons
  15 deep elf pyromancers
  18 deep elf zephyrmancers
  22 ugly things
  An orc sorcerer (Orc:2)
  2 shining eyes
  14 salamanders
  A human zombie (Vaults:3)
  4 will-o-the-wisps
  8 frost giant skeletons
  3 manticores
  6 elephants
  3 guardian serpents (Snake:4)
  A worldbinder (Abyss:2)
  13 rust devils
  A shock serpent zombie (Crypt:2)
  4 fire giant skeletons
  4 vault sentinels
  2 human skeletons
  5 naga magi
  2 moths of wrath (Zot:1)
  6 stone giant skeletons
  3 dire elephant zombies
  3 eyes of devastation
  13 black mambas
  A torpor snail (Swamp:4)
  13 cane toads
  9 ice statues
  33 orange demons
  A black mamba (shapeshifter) (D:14)
  2 apocalypse crabs (Abyss:2)
  A purple draconian zombie (Crypt:1)
  10 molten gargoyles
  78 smoke demons
  2 shock serpent skeletons
  4 unseen horrors
  A rime drake (Lair:4)
  A yellow draconian zombie (Crypt:1)
  20 freezing wraiths
  3 anaconda simulacra
  4 dire elephant skeletons
  2 kobold demonologists
  4 ancient zymes (Abyss:2)
  5 komodo dragons
  26 hellions
  A black draconian skeleton (Geh:7)
  11 yaktaurs
  A catoblepas zombie (Geh:6)
  23 efreet
  33 hellwings
  27 demonic crawlers
  A green draconian skeleton (Crypt:2)
  33 tormentors
  8 hydra zombies
  5 tengu conjurers
  4 guardian mummies
  43 red devils
  6 polar bears
  A jumping spider (Zot:1)
  A grey draconian skeleton (Crypt:1)
  A minotaur skeleton (Pan)
  34 ice devils
  A bloated husk (Swamp:1)
  2 harpy zombies
  74 slime creatures
  6 trolls
  8 tyrant leeches
  14 hornets
  2 harpy skeletons
  3 hydra skeletons
  68 large abominations
  16 blink frogs
  4 ettin zombies
  5 ice dragon zombies
  5 raiju (Abyss:2)
  3 fire dragon zombies
  2 black mamba zombies (Geh:5)
  An alligator skeleton (Coc:4)
  12 water elementals
  10 shadows
  5 alligator zombies
  5 ettin skeletons
  5 ice dragon skeletons
  2 satyr skeletons
  2 air elementals
  53 flying skulls
  79 ynoxinuls
  15 wraiths
  A centaur simulacrum (D:14)
  9 small abominations
  A tarantella (Zot:1)
  A vampire (Lair:5)
  12 fire elementals
  11 spriggans
  A hog (D:14)
  5 fire dragon skeletons
  5 wyverns
  61 yaks
  A yak (shapeshifter) (D:15)
  4 golden eyes
  3 basilisks
  2 fire bats
  A tyrant leech zombie (Crypt:3)
  56 chaos spawn
  A steam dragon (D:6)
  10 vampire mosquitoes
  38 neqoxecs
  13 swamp worms
  4 hydra simulacra
  35 nagas
  5 wargs
  A spatial vortex (Abyss:2)
  4 acid dragons
  10 cane toad zombies
  10 hell hounds
  14 water moccasins
  2 floating eyes
  4 cane toad skeletons
  4 swamp drakes
  A deep troll skeleton (Crypt:3)
  8 ice beasts
  3 black bears
  A snapping turtle zombie (Coc:7)
  A hornet zombie (D:9)
  A swamp dragon zombie (Coc:2)
  12 orc warriors
  A spriggan simulacrum (Swamp:1)
  3 necrophages
  18 ogres
  7 boggarts
  A manticore skeleton (Coc:2)
  3 wolves (Lair:1)
  3 centaurs
  3 snapping turtle skeletons
  A blink frog skeleton (Crypt:1)
  19 kobold brigands
  3 swamp dragon skeletons
  3 bullfrogs
  A yaktaur skeleton (Crypt:1)
  A gnoll sergeant (D:7)
  2 earth elementals
  A scorpion (D:6)
  3 cane toad simulacra
  A water moccasin zombie (D:6)
  3 water moccasin skeletons
  A snapping turtle simulacrum (Coc:2)
  6 killer bees
  38 wights
  8 crimson imps
  8 electric eels
  6 howler monkeys
  7 starcursed masses (Abyss:2)
  A quasit (Abyss:2)
  3 centaur zombies
  2 hounds (D:5)
  A jelly (D:7)
  A centaur skeleton (D:6)
  11 orc priests
  3 fire giant zombies
  2 gnoll shamans
  3 bullfrog skeletons
  3 iron imps
  3 iguanas
  13 orc wizards
  A scorpion zombie (D:4)
  Natasha (twice) (D:2)
  A sky beast zombie (Crypt:3)
  2 ogre skeletons (Pan)
  2 hound skeletons (D:4)
  9 mummies
  A howler monkey zombie (D:10)
  20 gnolls
  A howler monkey skeleton (D:7)
  9 adders
  12 white imps
  2 ufetubi
  A worm zombie (Crypt:1)
  An adder skeleton (D:4)
  4 worms
  A dart slug (D:4)
  65 orcs
  5 ball pythons
  3 endoplasms
  A giant cockroach (D:4)
  5 goblins
  8 hobgoblins
  11 jackals
  3 quokkas
  5 bats
  3 frilled lizards
  A frilled lizard skeleton (Crypt:3)
  A giant cockroach zombie (Crypt:2)
  A jackal zombie (Crypt:3)
  13 kobolds
  8 rats
  A rat skeleton (Crypt:1)
  2 starspawn tentacles (Abyss:2)
  3 tentacles (Coc:2)
3216 creatures vanquished.

Vanquished Creatures (collateral kills)
  An ancient lich (Vaults:2)
  A juggernaut (Depths:4)
  9 shard shrikes
  Geryon (Hell)
  A curse toe (Crypt:3)
  3 golden dragons (Depths:5)
  A pandemonium lord (Pan)
  10 Brimstone Fiends
  6 tentacled monstrosities
  A hellephant (Depths:1)
  3 Ice Fiends (Coc:7)
  4 liches
  A titan (Vaults:5)
  A deep elf blademaster (Elf:3)
  A quicksilver dragon (Depths:5)
  3 ancient champions
  A tentacled starspawn (Abyss:2)
  6 tengu reavers
  The ghost of Piask the Bludgeoner, an adept FoAK of Lugonu (Swamp:1)
  6 Executioners (Pan)
  5 sphinxes
  9 shadow dragons
  5 storm dragons
  A nagaraja (Snake:4)
  8 frost giants
  3 draconian monks (Depths:5)
  4 fire giants
  A daeva (Pan)
  13 vault wardens
  2 deep elf sorcerers (Elf:3)
  2 draconian scorchers (Zot:1)
  2 iron dragons
  19 balrugs
  3 black suns (Pan)
  A ghost moth (Zot:1)
  11 cacodemons (Pan)
  A deep elf elementalist (Elf:3)
  3 warmongers (Pan)
  An angel (Pan)
  7 ironbound preservers
  3 draconian annihilators
  A war gargoyle (Vaults:5)
  20 very ugly things
  7 stone giants
  2 ophanim (Pan)
  18 reapers
  5 corrupters (Pan)
  A blood saint (Pan)
  3 green draconians
  5 deep elf annihilators
  5 dire elephants
  5 apis (Pan)
  6 vampire knights
  3 black draconians (Depths:5)
  2 white draconians (Depths:5)
  A bunyip (Swamp:2)
  3 elemental wellsprings
  2 yellow draconians (Zot:1)
  4 lorocyprocas
  2 purple draconians
  4 red draconians
  An eleionoma (Swamp:2)
  An entropy weaver (shapeshifter) (D:15)
  2 spark wasps (Depths:4)
  4 ettins
  6 jiangshi
  3 deep elf death magi (Elf:3)
  12 blizzard demons
  2 fire dragons
  2 quicksilver dragon zombies (Coc:7)
  9 green deaths (Pan)
  A shambling mangrove (Swamp:4)
  2 rakshasas (Pan)
  2 kraken zombies
  3 yaktaur captains
  4 great orbs of eyes
  3 monstrous demonspawn (Pan)
  A quicksilver dragon skeleton (Geh:4)
  5 deep elf high priests
  2 salamander tyrants (Snake:4)
  4 ironbound thunderhulks
  5 naga warriors
  A juggernaut simulacrum (Pan)
  A peacekeeper (Vaults:3)
  A hell beast (Pan)
  2 hydras
  13 ice dragons
  4 vault guards
  2 ogre magi (Vaults:5)
  A ghost crab (Swamp:1)
  8 anacondas
  6 two-headed ogres
  3 centaur warriors (Vaults:1)
  2 spriggan air magi
  An ironbound frostheart (Vaults:3)
  A boulder beetle (D:12)
  12 dancing weapons
  An alligator (Swamp:1)
  2 death knights
  2 tengu warriors (Depths:3)
  6 death yaks
  A holy swine (Pan)
  11 hell hogs
  2 titan zombies
  2 deep troll shamans
  Urug (Orc:2)
  2 ironbound beastmasters
  6 naga sharpshooters
  19 hell knights
  2 deep troll earth magi
  3 storm dragon zombies
  3 spriggan berserkers
  3 deep elf knights
  64 sun demons
  An iron golem (Hell)
  A wretched star (Abyss:2)
  5 salamander mystics
  20 soul eaters (Pan)
  15 sixfirhies (Pan)
  2 titan skeletons
  A death drake (shapeshifter) (Vaults:5)
  2 iron trolls (Depths:2)
  22 skeletal warriors
  3 storm dragon skeletons
  A golden dragon zombie (Coc:2)
  A glowing orange brain (shapeshifter) (Depths:2)
  4 gelid demonspawn (Pan)
  A glowing orange brain (Pan)
  26 deep trolls
  9 shadow demons (Pan)
  6 anaconda zombies
  A spriggan druid (Swamp:1)
  5 deep elf archers
  4 lindwurms
  A naga ritualist (Snake:4)
  8 ironbound convokers
  7 infernal demonspawn
  4 phantasmal warriors
  3 orc knights
  A tengu zombie (Vaults:4)
  4 flayed ghosts
  5 torturous demonspawn (Pan)
  5 swamp dragons
  4 wizards
  4 anaconda skeletons
  5 deep elf zephyrmancers
  A golden dragon skeleton (Geh:4)
  10 deep elf pyromancers
  8 necromancers
  8 fire giant zombies
  22 ugly things
  A wolf spider (D:14)
  2 frost giant zombies
  A tengu skeleton (Vaults:4)
  A stone giant zombie (Geh:7)
  3 cyclopes
  An oklob plant (Lair:4)
  2 mana vipers
  6 shadow dragon skeletons
  A manticore (D:14)
  A worldbinder (Abyss:2)
  11 salamanders
  2 dire elephant zombies
  A moth of wrath (shapeshifter) (Elf:3)
  4 iron dragon skeletons
  A centaur zombie (D:11)
  2 moths of wrath (Zot:1)
  An ice statue (Coc:7)
  3 frost giant skeletons
  6 naga magi
  A stone giant skeleton (Crypt:3)
  8 vault sentinels
  9 rust devils
  36 smoke demons
  3 guardian serpents
  2 elf zombies
  14 black mambas
  2 fire giant skeletons
  4 molten gargoyles
  5 elephants
  3 cane toads
  Maggie (Lair:2)
  18 orange demons (Pan)
  2 gargoyles (D:13)
  A dire elephant skeleton (Coc:7)
  A catoblepas zombie (Geh:4)
  A rime drake (Lair:3)
  6 hellions
  A purple draconian zombie (Crypt:1)
  21 demonic crawlers (Pan)
  14 freezing wraiths
  13 efreet
  A sea snake zombie (Hell)
  An anaconda simulacrum (Coc:6)
  2 komodo dragons
  A komodo dragon (shapeshifter) (Elf:1)
  29 ice devils
  18 hellwings (Pan)
  A purple draconian skeleton (Crypt:2)
  12 tormentors
  16 yaktaurs
  10 hydra zombies
  A harpy zombie (Coc:6)
  41 red devils
  A jumping spider (Zot:1)
  A harpy skeleton (Coc:7)
  29 large abominations (Pan)
  2 alligator zombies
  25 slime creatures
  6 hornets
  A sphinx simulacrum (Depths:3)
  9 blink frogs
  A raiju (Abyss:2)
  3 tyrant leeches
  An ettin zombie (Dis:4)
  7 hydra skeletons
  4 ice dragon zombies
  2 fire dragon zombies
  An air elemental (Abyss:2)
  6 spriggans
  A fire dragon skeleton (Coc:7)
  31 flying skulls
  2 ice dragon skeletons (Geh:5)
  7 shadows
  16 wraiths
  4 ettin skeletons
  2 wyverns
  9 water elementals
  24 ynoxinuls
  6 fire bats
  17 fire elementals
  23 yaks
  25 chaos spawn
  18 neqoxecs (Pan)
  5 vampire mosquitoes
  A steam dragon (Lair:2)
  20 nagas
  5 swamp worms
  6 water moccasins
  4 cane toad zombies
  2 hydra simulacra
  20 hell hounds
  2 swamp drakes (Swamp:4)
  4 ice beasts
  A manticore zombie (Geh:7)
  A merfolk skeleton (Coc:7)
  3 orc warriors
  2 snapping turtle zombies
  A swamp dragon zombie (Coc:6)
  A black bear (Lair:4)
  4 cane toad skeletons
  5 necrophages
  2 alligator simulacra
  A small abomination (Abyss:2)
  6 ogres (Orc:1)
  4 boggarts
  An elephant skeleton (Crypt:3)
  A snapping turtle skeleton (Geh:6)
  A centaur (D:12)
  4 phantoms
  2 manticore skeletons
  3 bullfrogs
  A killer bee (D:9)
  15 wights
  A troll zombie (Dis:6)
  2 howler monkeys (D:12)
  2 electric eels (Lair:2)
  A crimson imp (Geh:6)
  A starcursed mass (Abyss:2)
  2 human zombies
  4 iron imps
  2 orc priests
  3 human skeletons
  3 orc wizards
  An acid dragon zombie (Crypt:2)
  2 mummies
  A steam dragon zombie (Crypt:2)
  17 white imps
  An adder zombie (Crypt:2)
  3 orcs
  A bush (Lair:5)
  A starspawn tentacle (Abyss:2)
  5 tentacles
1570 creatures vanquished.

Vanquished Creatures (others)
  11 profane servitors
  13 bone dragons
  2 fire giants
  21 ghouls
  15 vampire knights
  A corrupter (Pan)
  A green death (Pan)
  3 blizzard demons (Pan)
  An ettin (Vaults:3)
  A quicksilver dragon skeleton (Coc:1)
  A rakshasa (Pan)
  4 hell hogs
  A thrashing horror (Abyss:2)
  A hell knight (Geh:4)
  A goliath frog (Swamp:2)
  19 skeletal warriors
  29 flayed ghosts
  A torturous demonspawn (Pan)
  A glowing orange brain (Pan)
  A fenstrider witch simulacrum (Swamp:1)
  27 phantasmal warriors
  2 will-o-the-wisps (Swamp:4)
  4 shard shrike zombies
  A guardian serpent (Depths:4)
  A molten gargoyle (Geh:7)
  An orange demon (Pan)
  A red devil (Hell)
  A freezing wraith (D:15)
  A hellwing (Abyss:2)
  2 bloated husks (Swamp:1)
  A hornet (Swamp:4)
  2 small abominations
  3 water elementals
  12 flying skulls
  A spriggan (Swamp:4)
  24 vampires
  A ynoxinul (Pan)
  A chaos spawn (Pan)
  2 swamp worms (Swamp:4)
  7 very ugly thing zombies
  A quicksilver dragon zombie (Depths:5)
  A manticore skeleton (Geh:4)
  2 boggarts
  2 storm dragon zombies
  A titan zombie (Vaults:5)
  A hellephant zombie (Depths:1)
  15 hell hog zombies
  A golden dragon zombie (Depths:4)
  4 shadow dragon zombies
  2 wights
  5 anaconda zombies
  A goliath frog skeleton (Swamp:2)
  An iron dragon zombie (Depths:5)
  A sphinx zombie (Vaults:3)
  2 shock serpent zombies
  4 fire giant zombies
  5 stone giant zombies
  8 demonspawn zombies (Pan)
  2 purple draconian zombies (Zot:1)
  A centaur skeleton (D:15)
  6 draconian zombies
  A black draconian zombie (Depths:5)
  4 ghoul skeletons
  5 red draconian zombies
  10 demonic crawler zombies (Pan)
  2 moth of wrath zombies (Zot:1)
  4 ugly thing zombies
  A demonspawn skeleton (Pan)
  4 swamp worm zombies (Swamp:4)
  5 white draconian zombies
  2 death yak zombies
  6 black mamba zombies
  5 spriggan zombies
  A catoblepas zombie (Lair:6)
  8 hydra zombies
  4 guardian serpent zombies
  A hydra skeleton (Lair:1)
  5 tyrant leech zombies
  A death drake zombie (Depths:5)
  A rime drake zombie (Lair:3)
  An orb spider zombie (Zot:1)
  A cane toad skeleton (Lair:1)
  9 elf zombies
  5 ice dragon zombies
  A lindwurm zombie (Vaults:3)
  2 alligator zombies
  3 deep troll zombies
  2 fire dragon zombies (Depths:5)
  2 gelid demonspawn skeletons (Pan)
  3 gelid demonspawn zombies (Pan)
  8 human zombies
  3 infernal demonspawn zombies
  3 monstrous demonspawn zombies (Pan)
  3 naga skeletons (Snake:4)
  A bog body skeleton (Swamp:4)
  An infernal demonspawn skeleton (Pan)
  A vampire mosquito zombie (Swamp:3)
  5 hell hound zombies
  A torpor snail zombie (Swamp:4)
  2 black mamba skeletons
  7 hornet zombies
  3 komodo dragon zombies
  A wyvern zombie (Lair:3)
  An apocalypse crab zombie (Abyss:2)
  A blink frog skeleton (Lair:4)
  7 blink frog zombies (Lair:4)
  3 elephant zombies
  2 ghost crab zombies
  2 polar bear zombies (Lair:4)
  3 raiju zombies (Abyss:2)
  11 salamander zombies
  A swamp dragon zombie (Swamp:4)
  2 two-headed ogre zombies
  4 warg zombies (Orc:1)
  A water moccasin zombie (Lair:6)
  3 yaktaur zombies (Vaults:4)
  2 cane toad zombies (Lair:3)
  A basilisk zombie (D:15)
  37 naga zombies
  4 ogre zombies (Orc:1)
  2 swamp drake zombies (Swamp:4)
  22 yak zombies
  A bullfrog zombie (Lair:2)
  A centaur zombie (D:12)
  3 killer bee zombies
  A necrophage skeleton (Geh:2)
  10 orc zombies
  4 tengu zombies
  2 wolf zombies (Lair:1)
  6 ball lightnings (Pan)
  5 blocks of ice (Pan)
  2 butterflies (Abyss:2)
  2 fire vortices
  36 foxfires
  79 fungi
  204 plants
  11 starspawn tentacles (Abyss:2)
  17 tentacles
920 creatures vanquished.

Grand Total: 5706 creatures vanquished

Notes
Turn   | Place    | Note
-------+----------+-------------------------------------------
     0 | D:1      | Zonian the Gnoll Conjurer began the quest for the Orb.
     0 | D:1      | Reached XP level 1. HP: 13/13 MP: 6/6
   324 | D:1      | Reached XP level 2. HP: 19/19 MP: 5/7
   349 | D:1      | Learned a level 2 spell: Searing Ray
  1121 | D:2      | Reached skill level 5 in Spellcasting
  1121 | D:2      | Reached XP level 3. HP: 25/25 MP: 4/9
  1187 | D:2      | Reached skill level 1 in Invocations
  1631 | D:2      | Found a shimmering altar of Xom.
  1695 | D:2      | Reached skill level 1 in Fighting
  1695 | D:2      | Reached skill level 1 in Short Blades
  1695 | D:2      | Reached skill level 1 in Long Blades
  1695 | D:2      | Reached skill level 1 in Axes
  1695 | D:2      | Reached skill level 1 in Maces & Flails
  1695 | D:2      | Reached skill level 1 in Polearms
  1695 | D:2      | Reached skill level 1 in Staves
  1695 | D:2      | Reached skill level 1 in Slings
  1695 | D:2      | Reached skill level 1 in Bows
  1695 | D:2      | Reached skill level 1 in Crossbows
  1695 | D:2      | Reached skill level 1 in Throwing
  1695 | D:2      | Reached skill level 1 in Armour
  1695 | D:2      | Reached skill level 1 in Shields
  1695 | D:2      | Reached skill level 1 in Unarmed Combat
  1695 | D:2      | Reached skill level 1 in Evocations
  1827 | D:2      | Reached XP level 4. HP: 32/32 MP: 9/11
  2149 | D:2      | Noticed Natasha
  2442 | D:2      | Found a faded altar of an unknown god.
  2457 | D:2      | Killed Natasha
  2458 | D:2      | Reached skill level 1 in Hexes
  2458 | D:2      | Reached skill level 1 in Summonings
  2458 | D:2      | Reached skill level 1 in Necromancy
  2458 | D:2      | Reached skill level 1 in Translocations
  2458 | D:2      | Reached skill level 1 in Transmutations
  2458 | D:2      | Reached skill level 1 in Fire Magic
  2458 | D:2      | Reached skill level 1 in Ice Magic
  2458 | D:2      | Reached skill level 1 in Air Magic
  2458 | D:2      | Reached skill level 1 in Earth Magic
  2458 | D:2      | Reached skill level 1 in Poison Magic
  2462 | D:2      | Noticed Natasha
  2470 | D:2      | Killed Natasha
  2471 | D:2      | Reached XP level 5. HP: 23/37 MP: 5/12
  2585 | D:2      | Became a worshipper of Yredelemnul the Dark
  2585 | D:2      | Reached * piety under Yredelemnul
  3836 | D:3      | Reached XP level 6. HP: 44/44 MP: 7/13
  4390 | D:3      | Identified a scroll of acquirement
  4390 | D:3      | Acquired a +2 helmet of intelligence
  4864 | D:3      | Reached skill level 5 in Dodging
  5124 | D:3      | Found a runed translucent door.
  5125 | D:3      | Noticed Crazy Yiuf
  5438 | D:4      | Acquired 542 gold pieces
  5534 | D:4      | Reached ** piety under Yredelemnul
  5605 | D:4      | Reached XP level 7. HP: 50/50 MP: 3/15
  6887 | D:5      | Entered Level 5 of the Dungeon
  7112 | D:5      | Learned a level 4 spell: Iskenderun's Mystic Blast
  7212 | D:5      | Reached skill level 5 in Stealth
  7802 | D:5      | Reached XP level 8. HP: 57/57 MP: 9/16
  9195 | D:6      | Noticed a wraith
  9457 | D:6      | Killed a wraith
  9712 | D:6      | Reached XP level 9. HP: 64/65 MP: 10/18
  9988 | D:6      | Reached *** piety under Yredelemnul
 10409 | D:6      | Found a staircase to the Ecumenical Temple.
 11408 | D:7      | Found a hide-covered altar of Uskayaw.
 12088 | D:8      | Reached skill level 5 in Invocations
 13492 | D:8      | Reached XP level 10. HP: 73/73 MP: 20/20
 13807 | D:8      | Received a gift from Yredelemnul (a wight)
 14095 | D:9      | Reached skill level 5 in Fighting
 14095 | D:9      | Reached skill level 5 in Short Blades
 14095 | D:9      | Reached skill level 5 in Long Blades
 14095 | D:9      | Reached skill level 5 in Axes
 14095 | D:9      | Reached skill level 5 in Maces & Flails
 14095 | D:9      | Reached skill level 5 in Polearms
 14095 | D:9      | Reached skill level 5 in Staves
 14095 | D:9      | Reached skill level 5 in Slings
 14095 | D:9      | Reached skill level 5 in Bows
 14095 | D:9      | Reached skill level 5 in Crossbows
 14095 | D:9      | Reached skill level 5 in Throwing
 14095 | D:9      | Reached skill level 5 in Armour
 14095 | D:9      | Reached skill level 5 in Shields
 14095 | D:9      | Reached skill level 5 in Unarmed Combat
 14095 | D:9      | Reached skill level 5 in Evocations
 14850 | D:9      | You fall into a shaft and drop 3 floors!
 14851 | D:12     | Noticed a two-headed ogre
 14854 | D:12     | Killed a two-headed ogre
 14911 | D:12     | Reached **** piety under Yredelemnul
 14937 | D:12     | Noticed a two-headed ogre
 14944 | D:12     | Killed a two-headed ogre
 15203 | D:12     | Noticed a boulder beetle
 15256 | D:12     | Noticed a death knight
 15400 | D:12     | Acquired the +3 broad axe of the Protecting King {vorpal,
                  | rPois Dex+3}
 15824 | D:12     | Received a gift from Yredelemnul (5 flying skulls)
 15952 | D:12     | Killed an unseen horror
 16387 | D:12     | HP: 1/75 [freezing wraith[a death knight] (14)]
 16898 | D:12     | Reached XP level 11. HP: 81/81 MP: 22/22
 16917 | D:12     | Noticed a cyclops
 16919 | D:11     | Found a staircase to the Lair.
 16919 | D:11     | Noticed a seven-headed hydra
 16931 | D:11     | Killed a seven-headed hydra
 16952 | D:10     | Entered Level 10 of the Dungeon
 16962 | D:10     | Reached skill level 5 in Hexes
 16962 | D:10     | Reached skill level 5 in Summonings
 16962 | D:10     | Reached skill level 5 in Necromancy
 16962 | D:10     | Reached skill level 5 in Translocations
 16962 | D:10     | Reached skill level 5 in Transmutations
 16962 | D:10     | Reached skill level 5 in Fire Magic
 16962 | D:10     | Reached skill level 5 in Ice Magic
 16962 | D:10     | Reached skill level 5 in Air Magic
 16962 | D:10     | Reached skill level 5 in Earth Magic
 16962 | D:10     | Reached skill level 5 in Poison Magic
 19620 | Lair:1   | Entered Level 1 of the Lair of Beasts
 19620 | Lair:1   | Noticed a four-headed hydra
 19626 | Lair:1   | Killed a four-headed hydra
 19637 | Lair:1   | Received a gift from Yredelemnul (2 flying skulls)
 19886 | Lair:1   | Noticed Sonja
 19894 | Lair:1   | Killed Sonja
 20230 | Lair:1   | Reached XP level 12. HP: 15/88 MP: 24/24
 22044 | Lair:2   | Received a gift from Yredelemnul (3 flying skulls)
 22058 | Lair:2   | Learned a level 3 spell: Swiftness
 22063 | Lair:2   | Learned a level 4 spell: Airstrike
 22069 | Lair:2   | Learned a level 5 spell: Lightning Bolt
 23196 | Lair:2   | Noticed Maggie
 23203 | Lair:2   | Killed Maggie
 23838 | Lair:3   | Noticed a four-headed hydra
 23853 | Lair:3   | Killed a four-headed hydra
 24387 | Lair:3   | Noticed a five-headed hydra
 24397 | Lair:3   | Killed a five-headed hydra
 24473 | Lair:3   | Found a staircase to the Snake Pit.
 24983 | Lair:4   | Noticed a boulder beetle
 24996 | Lair:3   | Reached XP level 13. HP: 82/98 MP: 26/26
 25593 | Lair:4   | Reached ***** piety under Yredelemnul
 25624 | Lair:4   | Received a gift from Yredelemnul (2 flying skulls)
 25993 | Lair:4   | Found a staircase to the Swamp.
 26409 | Lair:4   | Reached skill level 10 in Conjurations
 27019 | Lair:4   | Upgraded the game from 0.27-a0-1347-gd8886f0a89 to
                  | 0.27-a0-1359-ga2a4dfd6fd
 27920 | Lair:5   | Found a broken altar of Ashenzari.
 27941 | Lair:5   | Received a gift from Yredelemnul (a wight)
 28100 | Lair:5   | Found a viscous altar of Jiyva.
 28101 | Lair:5   | Found a staircase to the Slime Pits.
 28115 | Lair:5   | Noticed Snorg
 28766 | Lair:4   | Reached skill level 10 in Spellcasting
 29749 | Lair:5   | Received a gift from Yredelemnul (a vampire)
 29809 | Lair:5   | Killed Snorg
 29810 | Lair:5   | Reached XP level 14. HP: 106/106 MP: 22/28
 30208 | Lair:6   | Entered Level 6 of the Lair of Beasts
 30342 | Lair:6   | Reached skill level 10 in Dodging
 30351 | Lair:6   | Received a gift from Yredelemnul (a vampire)
 31531 | Lair:6   | Reached skill level 10 in Stealth
 32663 | Lair:6   | Learned a level 5 spell: Metabolic Englaciation
 32685 | Lair:6   | Reached skill level 10 in Invocations
 33699 | Lair:5   | Received a gift from Yredelemnul (a vampire)
 36189 | D:11     | Found a staircase to the Orcish Mines.
 36268 | D:11     | You fall into a shaft and drop 1 floor!
 37426 | D:12     | Received a gift from Yredelemnul (a phantasmal warrior)
 37427 | D:12     | Reached XP level 15. HP: 78/115 MP: 28/29
 38917 | D:13     | Received a gift from Yredelemnul (a flayed ghost)
 39245 | D:13     | Identified the +1 robe of a treasure trove {Harm rF++ Will-
                  | SInv}
 39247 | D:13     | Identified the +8 battleaxe of Chagrin {freeze, *Noise
                  | rCorr Str+2}
 39939 | D:14     | Reached skill level 10 in Fighting
 39939 | D:14     | Reached skill level 10 in Short Blades
 39939 | D:14     | Reached skill level 10 in Long Blades
 39939 | D:14     | Reached skill level 10 in Axes
 39939 | D:14     | Reached skill level 10 in Maces & Flails
 39939 | D:14     | Reached skill level 10 in Polearms
 39939 | D:14     | Reached skill level 10 in Staves
 39939 | D:14     | Reached skill level 10 in Slings
 39939 | D:14     | Reached skill level 10 in Bows
 39939 | D:14     | Reached skill level 10 in Crossbows
 39939 | D:14     | Reached skill level 10 in Throwing
 39939 | D:14     | Reached skill level 10 in Armour
 39939 | D:14     | Reached skill level 10 in Shields
 39939 | D:14     | Reached skill level 10 in Unarmed Combat
 39939 | D:14     | Reached skill level 10 in Evocations
 39976 | D:14     | Received a gift from Yredelemnul (a flayed ghost)
 41662 | D:14     | Found a gate to the Vaults.
 41815 | D:15     | Entered Level 15 of the Dungeon
 41815 | D:15     | Noticed Kirke
 42091 | D:14     | Killed Kirke
 42393 | D:15     | Noticed Nessos
 42820 | Orc:1    | Entered Level 1 of the Orcish Mines
 43323 | Orc:2    | Entered Level 2 of the Orcish Mines
 43476 | Orc:2    | Paralysed by an ogre mage for 7 turns
 43813 | Orc:1    | Received a gift from Yredelemnul (a flayed ghost)
 44947 | Orc:2    | Reached XP level 16. HP: 114/123 MP: 20/31
 45702 | Orc:2    | Found Genose's Antique Armour Emporium.
 45712 | Orc:2    | Found Jaucs's Book Shoppe.
 45786 | Orc:2    | Found a staircase to the Elven Halls.
 45872 | Orc:2    | Found Gefosuet's Antique Armour Shop.
 45875 | Orc:2    | Noticed Urug
 45889 | Orc:2    | Killed Urug
 46093 | Orc:2    | Found Wokut's Armour Emporium.
 46094 | Orc:2    | Found Fuca's Distillery.
 46094 | Orc:2    | Found Qegin's Assorted Antiques.
 46094 | Orc:2    | Found Ocsaeco's Jewellery Shop.
 46101 | Orc:2    | Bought a potion of heal wounds for 60 gold pieces
 46109 | Orc:2    | Bought a lumpy brown potion for 27 gold pieces
 46110 | Orc:2    | Bought a ring of see invisible for 195 gold pieces
 46136 | Orc:2    | Found Lelomat's Assorted Antiques.
 46228 | Orc:2    | Received a gift from Yredelemnul (a skeletal warrior)
 46488 | Orc:2    | Bought a pair of spiked boots for 351 gold pieces
 46488 | Orc:2    | Identified the +2 pair of boots "Aphu Poirch" {rElec rF+
                  | SInv} (You bought it in a shop on level 2 of the Orcish
                  | Mines)
 46517 | Orc:2    | Bought the amulet "Dudey" {Regen+ Dex+4} for 590 gold
                  | pieces
 46697 | Orc:2    | Bought a book of Geomancy for 385 gold pieces
 46701 | Orc:2    | Learned a level 3 spell: Stone Arrow
 46707 | Orc:2    | Learned a level 5 spell: Lee's Rapid Deconstruction
 46846 | Snake:1  | Entered Level 1 of the Snake Pit
 46955 | Snake:1  | Found Xowuod's Assorted Antiques.
 46981 | Snake:1  | Bought a potion of invisibility for 232 gold pieces
 47395 | Snake:1  | Found Puhiod's Jewellery Emporium.
 47420 | Snake:1  | Identified the +6 quarterstaff "Nostrupis" {spect, *Rage
                  | Int+8}
 48494 | Snake:2  | Noticed Vashnia
 48888 | Snake:2  | Identified the +6 short sword of the Absolute Madman
                  | {protect, Fragile Str+5}
 49014 | Snake:2  | Received a gift from Yredelemnul (a vampire knight)
 49494 | Snake:2  | Learned a level 3 spell: Ozocubu's Armour
 49619 | Snake:2  | Killed Vashnia
 50510 | Snake:3  | Received a gift from Yredelemnul (a skeletal warrior)
 51111 | Snake:3  | Acquired the ring "Nanedwae" {Fly Will+ Int+4}
 51428 | Snake:4  | Entered Level 4 of the Snake Pit
 52289 | Snake:4  | Reached XP level 17. HP: 84/131 MP: 33/33
 52440 | Snake:3  | Received a gift from Yredelemnul (a vampire knight)
 53183 | Snake:4  | Identified the +12 short sword of Duty {vorpal, +Rage rC-
                  | Will+ rCorr}
 53430 | Snake:4  | Reached ****** piety under Yredelemnul
 54687 | Snake:4  | Reached skill level 10 in Hexes
 54687 | Snake:4  | Reached skill level 10 in Summonings
 54687 | Snake:4  | Reached skill level 10 in Necromancy
 54687 | Snake:4  | Reached skill level 10 in Translocations
 54687 | Snake:4  | Reached skill level 10 in Transmutations
 54687 | Snake:4  | Reached skill level 10 in Fire Magic
 54687 | Snake:4  | Reached skill level 10 in Ice Magic
 54687 | Snake:4  | Reached skill level 10 in Air Magic
 54687 | Snake:4  | Reached skill level 10 in Earth Magic
 54687 | Snake:4  | Reached skill level 10 in Poison Magic
 54709 | Snake:4  | Received a gift from Yredelemnul (a skeletal warrior)
 55178 | Snake:4  | Got a serpentine rune of Zot
 55465 | Snake:4  | Upgraded the game from 0.27-a0-1359-ga2a4dfd6fd to
                  | 0.27-a0-1378-gdefffd1ff6
 55607 | Snake:1  | Bought an amulet of reflection for 600 gold pieces
 55736 | Swamp:1  | Entered Level 1 of the Swamp
 56123 | Swamp:1  | Received a gift from Yredelemnul (a vampire)
 56149 | Swamp:1  | Noticed Piask's ghost (adept FoAK)
 56310 | Swamp:1  | Noticed Frances
 56324 | Swamp:1  | Killed Frances
 56325 | Swamp:1  | Reached XP level 18. HP: 132/140 MP: 15/34
 56330 | Swamp:1  | Found a transporter.
 56334 | Swamp:1  | Found a transporter.
 56871 | Swamp:2  | Noticed a tentacled monstrosity
 57027 | Swamp:1  | Killed a tentacled monstrosity
 57841 | Swamp:2  | Received a gift from Yredelemnul (a flayed ghost)
 57880 | Swamp:2  | Identified the +0 scale mail of Xum Myal {rPois}
 58123 | Swamp:2  | Received a gift from Yredelemnul (a skeletal warrior)
 59335 | Swamp:3  | Received a gift from Yredelemnul (a flayed ghost)
 59684 | Swamp:4  | Entered Level 4 of the Swamp
 60189 | Swamp:4  | Received a gift from Yredelemnul (a flayed ghost)
 61391 | Swamp:4  | Received a gift from Yredelemnul (a phantasmal warrior)
 62117 | Swamp:4  | Got a decaying rune of Zot
 62759 | Elf:1    | Entered Level 1 of the Elven Halls
 62979 | Elf:1    | Received a gift from Yredelemnul (a bone dragon)
 63145 | Elf:1    | Found Xoahaab's Antique Weapon Shoppe.
 63241 | Elf:1    | Received a gift from Yredelemnul (a ghoul)
 63299 | Elf:1    | Reached XP level 19. HP: 138/147 MP: 36/36
 64060 | Elf:1    | Identified the +1 robe of Resilience {rElec Stlth+}
 64520 | Elf:1    | Received a gift from Yredelemnul (a flayed ghost)
 64992 | Elf:2    | Received a gift from Yredelemnul (a skeletal warrior)
 65857 | Elf:2    | Found a runed translucent gate.
 65858 | Elf:2    | Found a runed translucent gate.
 65859 | Elf:2    | Found a runed translucent gate.
 66314 | Elf:3    | Entered Level 3 of the Elven Halls
 66317 | Elf:3    | Received a gift from Yredelemnul (a bone dragon)
 66603 | Elf:3    | Found Nisekh's Antique Weapon Emporium.
 66802 | Elf:3    | Learned a level 5 spell: Bolt of Magma
 66893 | Elf:3    | Received a gift from Yredelemnul (a flayed ghost)
 67474 | Elf:3    | Identified the +7 double sword "Bung" {vorpal, Fragile
                  | rN+++ rCorr Stlth+}
 67474 | Elf:3    | Identified the amulet "Etaerhaofi" {rF+ Regen+ Str+4}
 67490 | Elf:3    | Received a gift from Yredelemnul (a bone dragon)
 67535 | Elf:3    | Identified the +7 halberd "Juefe" {venom, Will+}
 67535 | Elf:3    | Identified the +4 scimitar "Suygg" {vorpal, rN+ rCorr}
 67834 | Elf:3    | Got Elag Ana's Compendium of Air and the Traveller
 67911 | Elf:3    | Identified the +9 ring mail of an ice cave {Harm rElec
                  | rPois rF+ rC++}
 68563 | Orc:2    | Bought a twisted kite shield for 313 gold pieces
 68563 | Orc:2    | Identified the +4 kite shield of Free Will {-Cast rF++ rN+}
                  | (You bought it in a shop on level 2 of the Orcish Mines)
 68634 | Elf:1    | Bought a crystal fustibalus for 720 gold pieces
 68634 | Elf:1    | Identified the +6 fustibalus of the Bruised Songs {vorpal,
                  | rN+ Str-3 Stlth+} (You bought it in a shop on level 1 of
                  | the Elven Halls)
 68640 | Elf:1    | Upgraded the game from 0.27-a0-1378-gdefffd1ff6 to
                  | 0.27-a0-1384-g1422d76b99
 68799 | Vaults:1 | Entered Level 1 of the Vaults
 69000 | Vaults:1 | Identified the +8 flail of Exchange {drain, rElec Str+3
                  | Int-5 Dex+8}
 69016 | Vaults:1 | Reached XP level 20. HP: 133/156 MP: 37/37
 69561 | Vaults:1 | Found a portal to a secret trove of treasure.
 69640 | Vaults:1 | Received a gift from Yredelemnul (a vampire)
 69678 | Vaults:1 | Found Arang's Armour Emporium.
 69837 | Vaults:1 | Identified the +5 short sword "Tosisaod" {protect, Int+2}
 70936 | Vaults:2 | Received a gift from Yredelemnul (a vampire knight)
 71532 | Vaults:2 | Received a gift from Yredelemnul (a vampire knight)
 72350 | Vaults:2 | Received a gift from Yredelemnul (a phantasmal warrior)
 72954 | Vaults:2 | Noticed an ancient lich
 72964 | Vaults:2 | Killed an ancient lich
 73313 | Vaults:2 | Received a gift from Yredelemnul (a vampire)
 73544 | Vaults:3 | Found a huge runed gate.
 73544 | Vaults:3 | Found a huge runed gate.
 73544 | Vaults:3 | Found a huge runed gate.
 73544 | Vaults:3 | Found a huge runed gate.
 73544 | Vaults:3 | Found a huge runed gate.
 73544 | Vaults:3 | Found a huge runed gate.
 73545 | Vaults:3 | Found a huge runed gate.
 73545 | Vaults:3 | Found a huge runed gate.
 73545 | Vaults:3 | Found a huge runed gate.
 73545 | Vaults:3 | Found a huge runed gate.
 73559 | Vaults:3 | Received a gift from Yredelemnul (a skeletal warrior)
 73574 | Vaults:3 | Reached XP level 21. HP: 15/146 MP: 6/39
 74109 | Vaults:3 | Found a staircase to the Crypt.
 74131 | Vaults:3 | Learned a level 6 spell: Iron Shot
 74400 | Vaults:3 | Received a gift from Yredelemnul (a vampire)
 74905 | Vaults:3 | Received a gift from Yredelemnul (a phantasmal warrior)
 75167 | Vaults:3 | Reached skill level 15 in Invocations
 75975 | Vaults:4 | Found a flickering gateway to a bazaar.
 75989 | Bazaar   | Entered a bazaar
 75989 | Bazaar   | Found Zohaits's Armour Boutique.
 75993 | Bazaar   | Found Mihoes's Assorted Antiques.
 76002 | Bazaar   | Bought a scroll of blinking for 157 gold pieces
 76005 | Bazaar   | Found Ceoklorchu's Book Boutique.
 76040 | Bazaar   | Found Kemazen's Weapon Boutique.
 76072 | Bazaar   | Bought a scroll of fear for 73 gold pieces
 76072 | Bazaar   | Bought a scroll of fog for 42 gold pieces
 76155 | Vaults:4 | Received a gift from Yredelemnul (a ghoul)
 76373 | Vaults:4 | Noticed Jory
 76381 | Vaults:4 | Killed Jory
 77214 | Vaults:4 | Received a gift from Yredelemnul (a phantasmal warrior)
 77678 | Vaults:4 | Received a gift from Yredelemnul (a vampire)
 78623 | Vaults:4 | Upgraded the game from 0.27-a0-1384-g1422d76b99 to
                  | 0.27-a0-1416-g941b2bd30b
 79362 | Swamp:1  | Killed Piask's ghost
 79788 | Swamp:1  | Learned a level 5 spell: Borgnjor's Vile Clutch
 80150 | Vaults:5 | Entered Level 5 of the Vaults
 80158 | Vaults:5 | Received a gift from Yredelemnul (a phantasmal warrior)
 80158 | Vaults:5 | Reached skill level 15 in Spellcasting
 80158 | Vaults:5 | Reached XP level 22. HP: 143/173 MP: 41/41
 80166 | Vaults:5 | Noticed Sojobo
 80492 | Vaults:5 | Reached skill level 15 in Dodging
 80501 | Vaults:5 | Noticed a dread lich
 80502 | Vaults:5 | Killed a dread lich
 80709 | Vaults:5 | Got Jaziaduf's Incunabulum of the Snowflakes and Flames
 80775 | Vaults:5 | Received a gift from Yredelemnul (a phantasmal warrior)
 80782 | Vaults:5 | Reached skill level 15 in Stealth
 81222 | Vaults:5 | Identified the +8 mace of Potajob {vamp, Fly Dex+5}
 81455 | Vaults:5 | Noticed a dread lich
 81468 | Vaults:5 | Killed a dread lich
 81469 | Vaults:5 | Reached skill level 15 in Evocations
 81471 | Vaults:5 | Received a gift from Yredelemnul (a profane servitor)
 81515 | Vaults:5 | Received a gift from Yredelemnul (a phantasmal warrior)
 81568 | Vaults:5 | Noticed a golden dragon
 81897 | Vaults:5 | Paralysed by an air elemental for 1 turns
 81899 | Vaults:5 | Killed Sojobo
 81900 | Vaults:5 | Reached skill level 15 in Axes
 81914 | Vaults:5 | Noticed an ancient lich
 81928 | Vaults:5 | Received a gift from Yredelemnul (a phantasmal warrior)
 81933 | Vaults:5 | Killed an ancient lich
 82064 | Vaults:5 | Killed a golden dragon
 82435 | Vaults:5 | Reached XP level 23. HP: 149/180 MP: 37/42
 82458 | Vaults:5 | Received a gift from Yredelemnul (a ghoul)
 82691 | Vaults:5 | Got the Reference Book on Feathery Attacks
 82735 | Vaults:5 | Reached skill level 15 in Fighting
 82735 | Vaults:5 | Reached skill level 15 in Short Blades
 82735 | Vaults:5 | Reached skill level 15 in Long Blades
 82735 | Vaults:5 | Reached skill level 15 in Maces & Flails
 82735 | Vaults:5 | Reached skill level 15 in Polearms
 82735 | Vaults:5 | Reached skill level 15 in Staves
 82735 | Vaults:5 | Reached skill level 15 in Slings
 82735 | Vaults:5 | Reached skill level 15 in Bows
 82735 | Vaults:5 | Reached skill level 15 in Crossbows
 82735 | Vaults:5 | Reached skill level 15 in Throwing
 82735 | Vaults:5 | Reached skill level 15 in Armour
 82735 | Vaults:5 | Reached skill level 15 in Shields
 82735 | Vaults:5 | Reached skill level 15 in Unarmed Combat
 82735 | Vaults:5 | HP: 1/162 [lich/bolt of cold (43)]
 83045 | Vaults:5 | Got a silver rune of Zot
 83287 | Vaults:5 | Identified the +1 scale mail "Zytrohy" {rElec Int+4}
 83906 | Vaults:5 | Noticed a golden dragon
 83917 | Vaults:5 | Killed a golden dragon
 83923 | Vaults:5 | Identified the +11 lajatang "Kileah" {holy, rElec}
 85068 | D:15     | Killed Nessos
 85735 | D:15     | Learned a level 2 spell: Blink
 85817 | D:15     | Found a staircase to the Depths.
 86101 | D:15     | Found an ancient bone altar of Kikubaaqudgha.
 86140 | D:14     | Identified the +1 robe "Baduetho" {rCorr Slay+2}
 86142 | D:14     | Received a gift from Yredelemnul (a flayed ghost)
 86947 | Depths:1 | Entered Level 1 of the Depths
 86990 | Depths:1 | Found a gateway to a ziggurat.
 87020 | Depths:1 | Found Coxorur's Distillery.
 87537 | Depths:1 | Bought a potion of magic for 184 gold pieces
 87537 | Depths:1 | Bought a potion of invisibility for 184 gold pieces
 87537 | Depths:1 | Bought a potion of haste for 230 gold pieces
 87657 | Depths:1 | Found Xuonyx's Antique Weapon Boutique.
 87659 | Depths:1 | Found Wiorywahai's Magic Scroll Shop.
 87661 | Depths:1 | Found Ducka's Book Boutique.
 87684 | Depths:1 | Bought a crystal hunting sling for 260 gold pieces
 87684 | Depths:1 | Identified the +7 hunting sling of the Candelabrum {venom,
                  | Contam Fly Str-5 Dex+9} (You bought it in a shop on level 1
                  | of the Depths)
 87688 | Depths:1 | Bought a scroll of enchant armour for 112 gold pieces
 88061 | Depths:1 | Found Ucexzov's Antique Weapon Shop.
 88193 | Depths:1 | Found a one-way gate leading to the halls of Pandemonium.
 88218 | Depths:1 | Received a gift from Yredelemnul (a bone dragon)
 88260 | Depths:1 | Noticed an ancient lich
 88268 | Depths:1 | Killed an ancient lich
 88273 | Depths:1 | Received a gift from Yredelemnul (a vampire)
 88480 | Depths:1 | Got Sif Muna's Grimoire of Cankerous Ice
 88714 | Depths:1 | Received a gift from Yredelemnul (a skeletal warrior)
 89151 | Orc:2    | Bought a scroll of fear for 129 gold pieces
 89350 | Vaults:1 | You paid a toll of 5 scrolls of fear to enter a treasure
                  | trove
 89351 | Trove    | Entered a treasure trove
 89356 | Trove    | Identified the +1 kite shield of Bamuosas {Int+6 Stlth+}
 89357 | Trove    | Identified the +1 pair of boots of Temperance {-Tele
                  | Rampage rC+ rN++}
 89359 | Trove    | Identified the +0 helmet "Velibrerch" {Harm rN+++ Regen+
                  | Int-4}
 89360 | Trove    | Identified the +1 robe of the Dwarven Hall {rF+}
 89367 | Trove    | Identified the +4 kite shield "Wosaqim" {rPois rC+ Will+}
 89368 | Trove    | Identified the +2 crystal plate armour "Cine" {Will+ Regen+
                  | Int-2}
 89372 | Trove    | Identified the +1 scale mail "Zuum" {rC- Regen+ Str+5}
 89376 | Trove    | Identified the +1 hat of Norar {Str+2}
 89377 | Trove    | Identified the -4 cloak of Shielding {Will+}
 89382 | Trove    | Identified the +8 plate armour of the Ecumenical Temple
                  | {rElec rF++ Will+}
 89383 | Trove    | Identified the +10 plate armour "Heukaotz" {Stlth+}
 89919 | Depths:1 | Found a gateway to Hell.
 90125 | Depths:2 | Found the +8 autumn katana {vorpal, Clar}
 90150 | Depths:2 | Reached XP level 24. HP: 158/189 MP: 43/43
 90597 | Depths:2 | Paralysed by a floating eye for 2 turns
 90609 | Depths:2 | Found a one-way gate to the infinite horrors of the Abyss.
 90990 | Depths:2 | Paralysed by a great orb of eyes for 3 turns
 91962 | Depths:2 | Received a gift from Yredelemnul (a phantasmal warrior)
 92275 | Depths:2 | Upgraded the game from 0.27-a0-1416-g941b2bd30b to
                  | 0.27-a0-1431-gcffa5a9b16
 92597 | Depths:3 | Received a gift from Yredelemnul (a profane servitor)
 92599 | Depths:3 | Noticed an ancient lich
 92607 | Depths:3 | Reached skill level 15 in Conjurations
 92607 | Depths:3 | Killed an ancient lich
 92712 | Depths:3 | Got Kikubaaqudgha's Incunabulum of Stolen Souls
 93107 | Depths:3 | Received a gift from Yredelemnul (a flayed ghost)
 93322 | Depths:3 | Learned a level 5 spell: Iskenderun's Battlesphere
 93493 | Depths:3 | Received a gift from Yredelemnul (a vampire knight)
 94363 | Depths:4 | Noticed Louise
 94401 | Depths:4 | Reached XP level 25. HP: 101/197 MP: 10/43
 94415 | Depths:4 | Killed Louise
 94587 | Depths:4 | Found a radiant altar of Vehumet.
 94626 | Depths:4 | Found Gozag's Assorted Antiques.
 94632 | Depths:4 | Found an opulent altar of Gozag.
 94632 | Depths:4 | Found Gozag's Antique Weapon Shoppe.
 94642 | Depths:4 | Found Gozag's Antique Armour Shoppe.
 94664 | Depths:4 | Received a gift from Yredelemnul (a phantasmal warrior)
 94714 | Depths:4 | Your ally Louise died
 95160 | Depths:4 | Received a gift from Yredelemnul (a skeletal warrior)
 95186 | Depths:4 | Identified the +3 ring mail of the Stars {Str+10}
 95658 | D:15     | Learned a level 6 spell: Shadow Creatures
 95816 | Crypt:1  | Entered Level 1 of the Crypt
 97649 | Crypt:1  | Found an ancient bone altar of Kikubaaqudgha.
 97731 | Crypt:2  | Received a gift from Yredelemnul (a phantasmal warrior)
 98161 | Crypt:2  | Identified the +4 mace of Zyetoypn {freeze, rF- rC+ Int+2
                  | Stlth+}
 98531 | Crypt:3  | Entered Level 3 of the Crypt
 98942 | Crypt:3  | Received a gift from Yredelemnul (a profane servitor)
 99238 | Crypt:3  | Noticed Frederick
 99249 | Crypt:3  | Killed Frederick
 99250 | Crypt:3  | Received a gift from Yredelemnul (a vampire)
 99252 | Crypt:3  | HP: 7/176 [ancient champion (6)]
100482 | Crypt:3  | Found the +9 sword of Zonguldrok {reap}
100511 | Crypt:3  | Noticed a dread lich
100511 | Crypt:3  | Noticed an ancient lich
101246 | Crypt:3  | Killed an ancient lich
101434 | Crypt:3  | Killed a dread lich
101448 | Crypt:3  | Noticed a dread lich
101448 | Crypt:3  | Noticed an ancient lich
101456 | Crypt:3  | Killed an ancient lich
101456 | Crypt:3  | Received a gift from Yredelemnul (a skeletal warrior)
101459 | Crypt:3  | Killed a dread lich
101460 | Crypt:3  | Reached XP level 26. HP: 182/206 MP: 14/44
101660 | Crypt:3  | Identified the +7 battleaxe of the Demagogue {vorpal,
                  | +Blink Will- Dex+3}
101665 | Crypt:3  | Identified the ring "Iviokun" {rN+ Str+4 Slay+3}
101665 | Crypt:3  | Identified the ring "Iquaraho" {rN+ Dex+4}
101678 | Crypt:3  | Identified the +9 whip "Liajirr" {elec, Fragile rElec Dex+6
                  | SInv}
102328 | Slime:1  | Entered Level 1 of the Pits of Slime
102345 | Slime:1  | Gained mutation: You are weak. (Str -2) [a shining eye]
103493 | Slime:3  | Found a viscous altar of Jiyva.
103860 | Slime:3  | Noticed Dissolution
103982 | Slime:3  | Paralysed by a floating eye for 4 turns
103992 | Slime:2  | Killed Dissolution
105254 | Slime:5  | Entered Level 5 of the Pits of Slime
105414 | Slime:5  | Noticed the Royal Jelly
105426 | Slime:5  | Killed the Royal Jelly
105426 | Slime:5  | Received a gift from Yredelemnul (a phantasmal warrior)
105471 | Slime:5  | Gained mutation: Your body sometimes deteriorates upon
                  | taking damage. [a shining eye]
106733 | Slime:4  | Received a gift from Yredelemnul (a vampire)
107998 | Slime:5  | Paralysed by a floating eye for 2 turns
108002 | Slime:5  | Paralysed by a floating eye for 4 turns
108045 | Slime:5  | Got the Incunabulum of Orientation
108054 | Slime:5  | Identified the +0 cloak "Nonuifuecu" {rElec Str+5}
108071 | Slime:5  | Identified the ring "Wougoz" {Will+ SInv}
108073 | Slime:5  | Got a slimy rune of Zot
108083 | Slime:5  | Identified the +7 plate armour "Vuok Nud" {Dex+4}
108087 | Slime:5  | Got Sophisticated Magic
108090 | Slime:5  | Identified the ring of the Philosopher {+Blink rF- rCorr
                  | Int+9}
108199 | Slime:5  | Identified the +5 dagger "Vaezallo" {flame, Will++}
108216 | Slime:5  | Identified the +2 hand axe of Fundamental Breach {vorpal,
                  | rPois rF+++ Will- Str-5}
108784 | Hell     | Entered the Vestibule of Hell
108784 | Hell     | Noticed Geryon
109176 | Depths:1 | Received a gift from Yredelemnul (a vampire knight)
110354 | Depths:1 | Received a gift from Yredelemnul (a phantasmal warrior)
112361 | Hell     | Received a gift from Yredelemnul (a ghoul)
115035 | Hell     | Received a gift from Yredelemnul (a bone dragon)
115043 | Hell     | Reached XP level 27. HP: 183/215 MP: 26/44
115587 | Hell     | Killed Geryon
116116 | Hell     | Found a gateway to the freezing wastes of Cocytus.
116285 | Hell     | Found a gateway to the ashen valley of Gehenna.
116412 | Hell     | Found a gateway to the decaying netherworld of Tartarus.
116607 | Hell     | Found a gateway to the Iron City of Dis.
116730 | Geh:1    | Entered Level 1 of Gehenna
116740 | Geh:1    | Received a gift from Yredelemnul (a phantasmal warrior)
117006 | Geh:2    | Received a gift from Yredelemnul (a skeletal warrior)
117349 | Hell     | Upgraded the game from 0.27-a0-1431-gcffa5a9b16 to
                  | 0.27-a0-1434-g6f15984924
117451 | Depths:5 | Entered Level 5 of the Depths
117472 | Depths:5 | Reached skill level 15 in Hexes
117472 | Depths:5 | Reached skill level 15 in Summonings
117472 | Depths:5 | Reached skill level 15 in Necromancy
117472 | Depths:5 | Reached skill level 15 in Translocations
117472 | Depths:5 | Reached skill level 15 in Transmutations
117472 | Depths:5 | Reached skill level 15 in Fire Magic
117472 | Depths:5 | Reached skill level 15 in Ice Magic
117472 | Depths:5 | Reached skill level 15 in Air Magic
117472 | Depths:5 | Reached skill level 15 in Earth Magic
117472 | Depths:5 | Reached skill level 15 in Poison Magic
117512 | Depths:5 | Noticed Mennas
117659 | Depths:5 | Noticed a juggernaut
117679 | Depths:4 | Killed a juggernaut
117682 | Depths:4 | Received a gift from Yredelemnul (a phantasmal warrior)
118644 | Depths:5 | Received a gift from Yredelemnul (a profane servitor)
119075 | Depths:5 | Received a gift from Yredelemnul (a flayed ghost)
119168 | Depths:5 | Killed Mennas
119261 | Depths:5 | Found a white marble altar of Elyvilon.
119452 | Depths:5 | Received a gift from Yredelemnul (a bone dragon)
119469 | Depths:5 | Found a gate to the Realm of Zot.
119842 | Depths:5 | Identified the +9 broad axe of the Lesser Evil {drain,
                  | *Slow +Blink rElec rN+}
120706 | Snake:3  | Learned a level 7 spell: Spellforged Servitor
121150 | Geh:2    | Received a gift from Yredelemnul (a vampire knight)
121278 | Geh:3    | Received a gift from Yredelemnul (a ghoul)
121478 | Geh:4    | Received a gift from Yredelemnul (a bone dragon)
121599 | Geh:5    | Received a gift from Yredelemnul (a flayed ghost)
121748 | Geh:6    | Received a gift from Yredelemnul (a flayed ghost)
121796 | Geh:6    | Received a gift from Yredelemnul (a flayed ghost)
121873 | Geh:6    | Found the +7 great mace "Firestarter" {inner flame, rF++}
121890 | Geh:6    | Identified the ring "Kuiskarch" {Fire rElec}
121892 | Geh:6    | Received a gift from Yredelemnul (a flayed ghost)
121977 | Geh:6    | Received a gift from Yredelemnul (a vampire knight)
122119 | Geh:7    | Entered Level 7 of Gehenna
122906 | Geh:7    | Received a gift from Yredelemnul (a phantasmal warrior)
123228 | Geh:7    | Found the +7 sceptre of Asmodeus
123228 | Geh:7    | Noticed Asmodeus
123299 | Geh:7    | Received a gift from Yredelemnul (a ghoul)
123670 | Geh:7    | Identified the +1 chain mail of Xom's Indignation {Rampage}
123670 | Geh:7    | Identified the ring "Xegefosy" {rPois rN+++ Int+2 Dex-5
                  | SInv}
123671 | Geh:7    | Killed Asmodeus
123770 | Geh:7    | Identified the amulet "Geludya" {RegenMP Slay+6}
123778 | Geh:7    | Got an obsidian rune of Zot
123792 | Geh:7    | Identified the amulet "Biguchos" {RegenMP Rampage Fly
                  | Dex+2}
125406 | Zot:1    | Entered Level 1 of the Realm of Zot
125945 | Zot:1    | Received a gift from Yredelemnul (a vampire knight)
125994 | Zot:1    | HP: 4/219 [red draconian scorcher/damnation (50)]
126774 | Coc:1    | Entered Level 1 of Cocytus
126799 | Coc:1    | Received a gift from Yredelemnul (a vampire)
127178 | Coc:6    | Received a gift from Yredelemnul (a phantasmal warrior)
127226 | Coc:6    | Received a gift from Yredelemnul (a profane servitor)
127356 | Coc:6    | Received a gift from Yredelemnul (a flayed ghost)
127673 | Coc:7    | Entered Level 7 of Cocytus
127736 | Coc:7    | Received a gift from Yredelemnul (a vampire)
127793 | Coc:7    | Received a gift from Yredelemnul (a profane servitor)
127951 | Coc:7    | Received a gift from Yredelemnul (a vampire)
128087 | Coc:7    | Noticed the Serpent of Hell
128089 | Coc:7    | Received a gift from Yredelemnul (a flayed ghost)
128197 | Coc:7    | Received a gift from Yredelemnul (a skeletal warrior)
128358 | Coc:7    | Received a gift from Yredelemnul (a ghoul)
128366 | Coc:7    | Noticed Antaeus
129009 | Coc:2    | Received a gift from Yredelemnul (a ghoul)
130027 | Coc:2    | Received a gift from Yredelemnul (a ghoul)
130267 | Coc:3    | Received a gift from Yredelemnul (a profane servitor)
130326 | Coc:5    | Received a gift from Yredelemnul (a vampire)
130585 | Coc:7    | Received a gift from Yredelemnul (a phantasmal warrior)
130638 | Coc:7    | Killed the Serpent of Hell
130794 | Coc:7    | Received a gift from Yredelemnul (a phantasmal warrior)
130977 | Coc:7    | Received a gift from Yredelemnul (a profane servitor)
131164 | Coc:7    | Killed Antaeus
131258 | Coc:7    | Got an icy rune of Zot
132222 | Snake:3  | Learned a level 7 spell: Summon Hydra
132610 | Dis:1    | Entered Level 1 of the Iron City of Dis
133043 | Dis:4    | Received a gift from Yredelemnul (a ghoul)
133186 | Dis:4    | Received a gift from Yredelemnul (a phantasmal warrior)
133338 | Dis:5    | Received a gift from Yredelemnul (a ghoul)
133382 | Dis:5    | Received a gift from Yredelemnul (a skeletal warrior)
133529 | Dis:6    | Received a gift from Yredelemnul (a ghoul)
133546 | Dis:7    | Entered Level 7 of the Iron City of Dis
133547 | Dis:7    | Upgraded the game from 0.27-a0-1434-g6f15984924 to
                  | 0.27-a0-1442-g87b6fcb595
134220 | Depths:1 | Bought a scroll of teleportation for 45 gold pieces
134220 | Depths:1 | Bought a scroll of teleportation for 45 gold pieces
134379 | Orc:2    | Bought a scroll of teleportation for 93 gold pieces
134379 | Orc:2    | Bought a scroll of blinking for 232 gold pieces
134548 | Depths:1 | Bought a potion of haste for 230 gold pieces
135062 | Orc:2    | Bought a scroll of summoning for 351 gold pieces
135062 | Orc:2    | Bought a potion of curing for 111 gold pieces
135062 | Orc:2    | Bought a potion of resistance for 370 gold pieces
135062 | Orc:2    | Bought a scroll of magic mapping for 129 gold pieces
135246 | Snake:1  | Bought a scroll of amnesia for 101 gold pieces
135251 | Snake:1  | Bought a potion of cancellation for 232 gold pieces
135545 | Elf:3    | Bought the +9 staff of Wucad Mu {*channel} for 3200 gold
                  | pieces
135545 | Elf:3    | Found the +9 staff of Wucad Mu {*channel}
136053 | Zot:1    | Received a gift from Yredelemnul (a profane servitor)
136449 | Orc:2    | Bought a manual of Staves for 880 gold pieces
137789 | Pan      | Entered Pandemonium
137793 | Pan      | Gained mutation: You are frail. (-10% HP) [a neqoxec]
137827 | Pan      | Noticed Muotrec the pandemonium lord
137853 | Pan      | Received a gift from Yredelemnul (a vampire)
137859 | Pan      | Killed Muotrec the pandemonium lord
138003 | Pan      | Gained mutation: You tend to lose your temper in combat. [a
                  | cacodemon]
138136 | Pan      | Received a gift from Yredelemnul (a skeletal warrior)
138524 | Pan      | Received a gift from Yredelemnul (a vampire knight)
139259 | Pan      | Learned a level 3 spell: Lesser Beckoning
139436 | Pan      | Received a gift from Yredelemnul (a flayed ghost)
139791 | Pan      | Received a gift from Yredelemnul (a bone dragon)
140198 | Pan      | Received a gift from Yredelemnul (a vampire)
140573 | Pan      | Lost mutation: You are frail. (-10% HP) [potion of
                  | mutation]
140573 | Pan      | Lost mutation: You are weak. (Str -2) [potion of mutation]
140573 | Pan      | Gained mutation: Your mind is acute. (Int +2) [potion of
                  | mutation]
140782 | Pan      | Received a gift from Yredelemnul (a vampire knight)
140895 | Pan      | Noticed Xiner the pandemonium lord
140908 | Pan      | Received a gift from Yredelemnul (a phantasmal warrior)
140910 | Pan      | Killed Xiner the pandemonium lord
142150 | Pan      | Received a gift from Yredelemnul (a ghoul)
142606 | Pan      | Lost mutation: Your mind is acute. (Int +2) [a cacodemon]
142609 | Pan      | Gained mutation: Your magical capacity is low. (-10% MP) [a
                  | cacodemon]
142845 | Pan      | Gained mutation: You do not regenerate when monsters are
                  | visible. [a cacodemon]
143292 | Pan      | Gained mutation: You are dopey. (Int -2) [a neqoxec]
143375 | Pan      | Received a gift from Yredelemnul (a flayed ghost)
143663 | Pan      | Noticed Jim Qitzo the pandemonium lord
143669 | Pan      | Killed Jim Qitzo the pandemonium lord
143679 | Pan      | Received a gift from Yredelemnul (a ghoul)
143694 | Pan      | Gained mutation: You are very dopey. (Int -4) [a neqoxec]
143800 | Pan      | Gained mutation: Your spells are a little easier to cast,
                  | but a little less powerful. [a neqoxec]
144134 | Pan      | Received a gift from Yredelemnul (a ghoul)
144146 | Pan      | Gained mutation: You often lose your temper in combat. [a
                  | cacodemon]
144224 | Pan      | Gained mutation: Your body often deteriorates upon taking
                  | damage. [a neqoxec]
144320 | Pan      | Lost mutation: You are very dopey. (Int -4) [potion of
                  | mutation]
144320 | Pan      | Lost mutation: Your magical capacity is low. (-10% MP)
                  | [potion of mutation]
144320 | Pan      | Gained mutation: Your muscles are strong. (Str +2) [potion
                  | of mutation]
144320 | Pan      | Gained mutation: You are very dopey. (Int -4) [potion of
                  | mutation]
144321 | Pan      | Lost mutation: You often lose your temper in combat.
                  | [potion of mutation]
144321 | Pan      | Lost mutation: You tend to lose your temper in combat.
                  | [potion of mutation]
144321 | Pan      | Lost mutation: Your body often deteriorates upon taking
                  | damage. [potion of mutation]
144321 | Pan      | Lost mutation: Your body sometimes deteriorates upon taking
                  | damage. [potion of mutation]
144321 | Pan      | Lost mutation: Your spells are a little easier to cast, but
                  | a little less powerful. [potion of mutation]
144321 | Pan      | Gained mutation: You have sharp toenails. [potion of
                  | mutation]
144651 | Pan      | Received a gift from Yredelemnul (a bone dragon)
144984 | Pan      | Received a gift from Yredelemnul (a vampire)
145089 | Pan      | Noticed Leunuur the pandemonium lord
145103 | Pan      | HP: 8/224 [disintegration (27)]
145721 | Pan      | Killed Leunuur the pandemonium lord
146169 | Pan      | Got a demonic rune of Zot
146554 | Pan      | Received a gift from Yredelemnul (a vampire knight)
147275 | Pan      | Received a gift from Yredelemnul (a ghoul)
147570 | Pan      | Noticed Vetoyg the pandemonium lord
147585 | Depths:1 | Escaped Pandemonium
148030 | Pan      | Entered Pandemonium
148066 | Pan      | Received a gift from Yredelemnul (a skeletal warrior)
148725 | Pan      | Received a gift from Yredelemnul (a ghoul)
148793 | Pan      | Gained mutation: You are clumsy. (Dex -2) [a cacodemon]
148797 | Pan      | Gained mutation: You sometimes lose the ability to read
                  | scrolls when taking damage. [a cacodemon]
148825 | Pan      | Received a gift from Yredelemnul (a profane servitor)
149462 | Pan      | Received a gift from Yredelemnul (a flayed ghost)
150088 | Pan      | Found an exit through the horrors of the Abyss.
150100 | Pan      | Received a gift from Yredelemnul (a flayed ghost)
150264 | Pan      | Noticed Zarch the pandemonium lord
150275 | Pan      | Killed Zarch the pandemonium lord
150486 | Pan      | Lost mutation: You are very dopey. (Int -4) [potion of
                  | mutation]
150486 | Pan      | Lost mutation: You sometimes lose the ability to read
                  | scrolls when taking damage. [potion of mutation]
150486 | Pan      | Gained mutation: Your system is resistant to poisons.
                  | (rPois) [potion of mutation]
150486 | Pan      | Gained mutation: You have a somewhat thin skeletal
                  | structure. (Dex +2, Stealth+) [potion of mutation]
151080 | Pan      | Received a gift from Yredelemnul (a vampire)
151312 | Pan      | Noticed Awnepa Luim the pandemonium lord
151315 | Pan      | Killed Awnepa Luim the pandemonium lord
151326 | Pan      | Received a gift from Yredelemnul (a phantasmal warrior)
151835 | Pan      | Upgraded the game from 0.27-a0-1442-g87b6fcb595 to
                  | 0.27-a0-1456-gf5a116941d
151963 | Pan      | Entered the realm of Cerebov.
152020 | Pan      | Received a gift from Yredelemnul (a bone dragon)
152515 | Pan      | Received a gift from Yredelemnul (a vampire)
152638 | Pan      | Identified the +4 trident "Grim" {drain, rPois rN+ Str+2
                  | Int-3}
152943 | Pan      | Identified the +9 quarterstaff of the Twisting Ancients
                  | {pain, rPois rC- Int+4}
152944 | Pan      | Found the +6 sword of Cerebov {flame}
152944 | Pan      | Noticed Cerebov
152945 | Pan      | Identified the +9 trident "Tomosiq" {vamp, Will+ Stlth+}
154878 | Pan      | Received a gift from Yredelemnul (a bone dragon)
156095 | Pan      | Received a gift from Yredelemnul (a bone dragon)
156215 | Pan      | Learned a level 3 spell: Portal Projectile
156424 | Pan      | Identified the +2 broad axe of Ambiguity {venom, rF+ Will-
                  | rCorr Str+4}
156424 | Pan      | Identified the amulet of Rouptof {Faith rC+ Str+5}
156453 | Pan      | Killed Cerebov
156675 | Pan      | Got a fiery rune of Zot
157137 | Pan      | Received a gift from Yredelemnul (a vampire)
157587 | Pan      | Received a gift from Yredelemnul (a vampire)
158212 | Pan      | Received a gift from Yredelemnul (a ghoul)
158308 | Pan      | Noticed Joaw the pandemonium lord
158311 | Pan      | Lost mutation: Your muscles are strong. (Str +2) [a
                  | cacodemon]
158315 | Pan      | Killed Joaw the pandemonium lord
158453 | Pan      | Received a gift from Yredelemnul (a skeletal warrior)
159416 | Pan      | Received a gift from Yredelemnul (a skeletal warrior)
160237 | Pan      | Received a gift from Yredelemnul (a vampire knight)
160394 | Depths:1 | Escaped Pandemonium
161019 | Orc:2    | Bought a potion of mutation for 96 gold pieces
161019 | Orc:2    | Bought a potion of mutation for 96 gold pieces
161845 | Geh:5    | Received a gift from Yredelemnul (a phantasmal warrior)
162229 | Geh:7    | Received a gift from Yredelemnul (a vampire knight)
162724 | Pan      | Entered Pandemonium
162805 | Pan      | Gained mutation: Armour fits poorly on your strangely
                  | shaped body. [a neqoxec]
162902 | Pan      | Found a huge runed translucent gate.
162903 | Pan      | Found a huge runed translucent gate.
162982 | Pan      | Received a gift from Yredelemnul (a vampire knight)
163023 | Pan      | Found a huge runed translucent gate.
163024 | Pan      | Found a huge runed translucent gate.
163025 | Pan      | Found a huge runed translucent gate.
163104 | Pan      | Found a huge runed translucent gate.
163106 | Pan      | Found a huge runed translucent gate.
164452 | Pan      | Noticed Hif Siob the pandemonium lord
164458 | Pan      | Killed Hif Siob the pandemonium lord
164784 | Pan      | Entered the realm of Lom Lobon.
164839 | Pan      | Received a gift from Yredelemnul (a profane servitor)
165062 | Pan      | Received a gift from Yredelemnul (a phantasmal warrior)
165064 | Pan      | Noticed Lom Lobon
165104 | Pan      | Killed Lom Lobon
165632 | Pan      | Got a magical rune of Zot
166183 | Pan      | Received a gift from Yredelemnul (a skeletal warrior)
166439 | Pan      | Found an exit through the horrors of the Abyss.
167246 | Pan      | Entered the realm of Gloorx Vloq.
167679 | Pan      | Noticed Gloorx Vloq
167702 | Pan      | Killed Gloorx Vloq
168243 | Pan      | Received a gift from Yredelemnul (a flayed ghost)
168508 | Pan      | Received a gift from Yredelemnul (a vampire)
168681 | Pan      | Got a dark rune of Zot
169251 | Pan      | Received a gift from Yredelemnul (a flayed ghost)
169780 | Pan      | Found an exit through the horrors of the Abyss.
169923 | Pan      | Received a gift from Yredelemnul (a vampire)
170520 | Pan      | Noticed Kev Fuitz the pandemonium lord
170528 | Pan      | Killed Kev Fuitz the pandemonium lord
170528 | Pan      | Received a gift from Yredelemnul (a flayed ghost)
171252 | Pan      | Found an exit through the horrors of the Abyss.
171343 | Pan      | Received a gift from Yredelemnul (a profane servitor)
171839 | Pan      | Received a gift from Yredelemnul (a skeletal warrior)
172379 | Pan      | Received a gift from Yredelemnul (a flayed ghost)
172792 | Pan      | Received a gift from Yredelemnul (a bone dragon)
173095 | Pan      | Entered the realm of Mnoleg.
173286 | Pan      | Found an exit through the horrors of the Abyss.
173485 | Pan      | Received a gift from Yredelemnul (a ghoul)
173889 | Pan      | Received a gift from Yredelemnul (a vampire knight)
174264 | Pan      | Gained mutation: Your body sometimes deteriorates upon
                  | taking damage. [a neqoxec]
174303 | Pan      | Gained mutation: You tend to lose your temper in combat. [a
                  | cacodemon]
174390 | Pan      | Gained mutation: Your spells are a little easier to cast,
                  | but a little less powerful. [a neqoxec]
174398 | Pan      | Received a gift from Yredelemnul (a flayed ghost)
175006 | Pan      | Noticed Mnoleg
175011 | Pan      | Gained mutation: You are weak. (Str -2) [a cacodemon]
175013 | Pan      | Killed Mnoleg
175042 | Pan      | Got a glowing rune of Zot
175055 | Pan      | Gained mutation: Potions are less effective at restoring
                  | your health. [a neqoxec]
175057 | Pan      | Gained mutation: You are very clumsy. (Dex -4) [a neqoxec]
175108 | Pan      | Gained mutation: Your magical capacity is low. (-10% MP) [a
                  | cacodemon]
175112 | Pan      | Received a gift from Yredelemnul (a flayed ghost)
175474 | Pan      | Found a transporter.
175474 | Pan      | Found a transporter.
175744 | Pan      | Received a gift from Yredelemnul (a skeletal warrior)
176323 | Pan      | Found an exit through the horrors of the Abyss.
176704 | Pan      | Received a gift from Yredelemnul (a phantasmal warrior)
177744 | Pan      | Noticed Mailus the pandemonium lord
177748 | Pan      | Killed Mailus the pandemonium lord
178472 | Pan      | Received a gift from Yredelemnul (a flayed ghost)
178797 | Pan      | Received a gift from Yredelemnul (a phantasmal warrior)
179453 | Pan      | Found an exit through the horrors of the Abyss.
179939 | Pan      | Received a gift from Yredelemnul (a ghoul)
180616 | Pan      | Gained mutation: You are very dopey. (Int -4) [a cacodemon]
180822 | Pan      | Received a gift from Yredelemnul (a vampire)
180863 | Pan      | Reached skill level 27 in Axes
181089 | Pan      | Found an exit through the horrors of the Abyss.
181404 | Pan      | Noticed Quikh the pandemonium lord
181411 | Pan      | Killed Quikh the pandemonium lord
181433 | Pan      | Reached skill level 27 in Slings
181438 | Pan      | Received a gift from Yredelemnul (a flayed ghost)
181744 | Pan      | Gained mutation: You are frail. (-10% HP) [a neqoxec]
181747 | Pan      | Gained mutation: You occasionally shout uncontrollably at
                  | your foes. [a neqoxec]
182400 | Pan      | Received a gift from Yredelemnul (a skeletal warrior)
182477 | Pan      | Received a gift from Yredelemnul (a profane servitor)
182642 | Pan      | Received a gift from Yredelemnul (a bone dragon)
182770 | Depths:1 | Escaped Pandemonium
182950 | Depths:1 | Lost mutation: You tend to lose your temper in combat.
                  | [potion of mutation]
182950 | Depths:1 | Lost mutation: You are very clumsy. (Dex -4) [potion of
                  | mutation]
182950 | Depths:1 | Lost mutation: You are weak. (Str -2) [potion of mutation]
182951 | Depths:1 | Lost mutation: Armour fits poorly on your strangely shaped
                  | body. [potion of mutation]
182951 | Depths:1 | Lost mutation: Your magical capacity is low. (-10% MP)
                  | [potion of mutation]
182951 | Depths:1 | Lost mutation: Your body sometimes deteriorates upon taking
                  | damage. [potion of mutation]
182951 | Depths:1 | Lost mutation: You occasionally shout uncontrollably at
                  | your foes. [potion of mutation]
182951 | Depths:1 | Gained mutation: You are weak. (Str -2) [potion of
                  | mutation]
183188 | Depths:2 | Voluntarily entered the Abyss.
183314 | Abyss:2  | Found a corrupted altar of Lugonu.
183378 | Abyss:2  | Received a gift from Yredelemnul (a vampire)
183423 | Abyss:2  | Found an iron altar of Okawaru.
183451 | Abyss:2  | Found an iron altar of Okawaru.
183452 | Abyss:2  | Identified the +10 chain mail of the Blind Marksman {+Blink
                  | Dex+3}
183578 | Abyss:2  | Received a gift from Yredelemnul (a ghoul)
184243 | Abyss:2  | Received a gift from Yredelemnul (a flayed ghost)
184579 | Abyss:2  | Received a gift from Yredelemnul (a ghoul)
184744 | Abyss:2  | Identified the +6 great sword "Nuacra" {spect, rF- rN+
                  | Will+++}
184956 | Abyss:2  | Found a corrupted altar of Lugonu.
185075 | Abyss:2  | Received a gift from Yredelemnul (a phantasmal warrior)
185216 | Abyss:2  | Paralysed by an air elemental for 1 turns
185224 | Abyss:2  | HP: 4/214 [starcursed mass/accursed screaming (12)]
185224 | Abyss:2  | Paralysed by accursed screaming for 1 turns
185226 | Abyss:2  | Killed from afar by a soul eater

Illustrated notes

Levels and vault maps discovered:
D:1:      mrwooster_arrival_arrow, layout_loops_ring
D:2:      layout_rooms, serial_glass, glass_columns_a, glass_columns_a,
          feat_on_display, basic_altar, hellmonk_ecumenical_altar_lost_god,
          uniq_natasha
D:3:      layout_loops_ring, uniq_crazy_yiuf_cottage
D:4:      minmay_angry_zag, layout_basic
D:5:      layout_loops_ring
D:6:      minmay_chambers_of_fours, layout_rooms,
          minmay_temple_entry_nine_rooms, minmay_misc_feat_rugged
D:7:      layout_loops_ring, nicolae_uskayaw_murder_on_the_dancefloor
D:8:      layout_basic, hangedman_incinerator
D:9:      layout_layer_cave
D:10:     layout_roguey [special_room_kobold]
D:11:     layout_rooms, lair_entry_dummy, david_orc_2
D:12:     layout_irregular_city, st_stairs_7
D:13:     layout_loops_ring, lemuel_freeze_loot_1
D:14:     minmay_inside_and_out, layout_loops_corners, erik_vaults_1
D:15:     grunt_enter_depths_giant_problem, layout_cave_pools,
          kiku_gazebo_pond_becter, uniq_kirke, uniq_nessos
Lair:1:   layout_chaotic_city, serial_rivers, chequers_serial_rivers_micro_b,
          chequers_serial_rivers_large_a, chequers_serial_rivers_micro_d,
          chequers_serial_rivers_micro_e, chequers_serial_rivers_micro_e,
          st_stairs_12, beast_lair_carwin_11, uniq_sonja
Lair:2:   layout_cave_pods, serial_bayou, serial_bayou_pond_e,
          serial_bayou_lake_a, serial_bayou_lagoon_a, serial_bayou_crossing,
          infiniplex_staircase_pool, uniq_maggie
Lair:3:   layout_chaotic_city, dummy_snake_entry
Lair:4:   layout_gridlike, swamp_mist_pool, eino_small_chamber_without_monster,
          beast_lair_carwin_3, minmay_lair_oklob_chamber, lemuel_fruit_fields
Lair:5:   layout_hall_layers, slime_altar_1, lemuel_altar_in_water2,
          minmay_hedge_maze, uniq_snorg
Lair:6:   evilmike_catoblepas_cave, layout_regular_city
Swamp:1:  layout_falls_marsh, gammafunk_ghost_mausoleum,
          nicolae_swamp_triple_paths, uniq_frances
Swamp:2:  layout_basic_swamp, evilmike_swamp_ruin_house_3,
          cheibrodos_swamp_witchery
Swamp:3:  layout_falls_marsh, evilmike_swamp_ruin_rubble_2
Swamp:4:  swamp_alternative, layout_basic_swamp, worms_lemuel
Snake:1:  layout_honeycomb, serial_shops, shop, minmay_shop_grid_forest
Snake:2:  layout_honeycomb, uniq_vashnia
Snake:3:  layout_layer_cave
Snake:4:  johnstein_snake_rune_scales, layout_rooms, grunt_megastairs_3
Slime:1:  layout_caves
Slime:2:  layout_caves
Slime:3:  layout_caves, basic_altar, uniq_dissolution
Slime:4:  layout_caves
Slime:5
Orc:1:    layout_caves
Orc:2:    st_orc_ogre_mass, layout_caves, serial_shops, nicolae_square_shop,
          nicolae_shop_competitors_out_of_business,
          nicolae_shop_competitors_out_of_business, shop, minmay_orc_temple_b,
          uniq_urug
Elf:1:    elf_arrival_001, layout_geoelf_octagon, serial_shops, shop,
          evilmike_minifort, grunt_megastairs_5
Elf:2:    layout_loops_cross, amethyst_killhole
Elf:3:    elf_hall, layout_geoelf_castle, serial_shops, nicolae_shop_crystal,
          minmay_fountain_box
Vaults:1: v_alt_pattern_1, ontoclasm_vaults_ring_large, vaults_room_hallway,
          vaults_room_corners, v_pattern_5, vaults_room_corners,
          vaults_dpeg_diagonal, ontoclasm_vaults_eye,
          grunt_vaults_hallway_short, layout_vaults_chaotic_city,
          nicolae_trove_entry_path_of_doom, serial_shops, nicolae_diamond_shop
Vaults:2: ontoclasm_vaults_ring_small, hangedman_vaults_stream,
          nicolae_vaults_network_s, dpeg_vaults_waves, v_alt_pattern_3,
          v_misc_28, v_misc_16, hangedman_vaults_cutoff,
          vaults_standard_mumra_x, vaults_room_grid,
          nicolae_vaults_yaktaur_gun_rack, layout_vaults_quadrants
Vaults:3: nicolae_vaults_circle_grid_b, vaults_door_vault, vaults_room_pool,
          vaults_room_stairs_pillars, vaults_mumra_chevron_long,
          ontoclasm_vaults_twist, v_rooms_3, minmay_crypt_entry_simple_sparse,
          ontoclasm_vaults_shuriken, v_pattern_2, hangedman_vaults_river_flow,
          vaults_mumra_hex, vaults_room_corners, layout_vaults_ring
Vaults:4: nicolae_vaults_shelves_hall, v_misc_4,
          ontoclasm_vaults_decontamination, hangedman_vaults_cutoff,
          vaults_room_grid, ontoclasm_vaults_bender,
          nicolae_vaults_little_squares_4, ontoclasm_vaults_shout,
          grunt_vaults_twisty, nicolae_vaults_little_squares_2, v_misc_15,
          nicolae_vaults_border_crossing, layout_vaults_maze_snakey,
          infiniplex_enter_wizlab_spiral, serial_shops, bzr_entry_lakeside,
          uniq_jory
Vaults:5: serial_shops, uniq_sojobo
Crypt:1:  layout_misc_corridors, lemuel_nasty_fountain, lemuel_upstairs_altar
Crypt:2:  layout_chaotic_city, serial_sigils_hangedman_scratch, st_stairs_1
Crypt:3:  david_glass_crypt, layout_chaotic_city,
          nicolae_tomb_entry_grand_gallery, uniq_frederick
Depths:1: layout_roguey [special_room_magic_class], enter_ziggurat_e,
          dk_noncrumbling_2, serial_shops, nicolae_shop_statue_plus, shop,
          grunt_pan_entry_zigzag, grunt_hell_horde, water_boxes_lemuel,
          minmay_shop_star, serial_bayou_shore_b
Depths:2: evilmike_cross, layout_honeycomb, grunt_pan_entry_spiral, hell_entry,
          abyss_entry, serial_bayou_shore_b
Depths:3: minmay_the_grid_triangle_9x9_rhombus_thin_mashed
          [minmay_the_grid_triangle_9x9_sparse_checkered,
          minmay_the_grid_triangle_9x9_prize_insulated,
          minmay_the_grid_triangle_9x9_from_above,
          minmay_the_grid_triangle_9x9_pentomino_pain], layout_basic,
          hell_entry, serial_sigils, serial_sigils_hangedman_shear,
          serial_sigils_hangedman_gut, serial_sigils_hangedman_snap,
          serial_sigils_hangedman_leer, pan_entry, minmay_misc_feat_diagonals,
          special_room [special_room_morgue], infiniplex_staircase_pool_2,
          serial_bayou_shore_b
Depths:4: kennysheep_gozag_temple, layout_cave_pools,
          nicolae_vehumet_altar_sigil, nicolae_abyss_entry_one_way_or_another,
          hell_entry, kennysheep_random_hallway
Depths:5: lemuel_castle_with_subvaults [lemuel_castle_interior_carwin_2],
          layout_gridlike, grunt_pan_entry_sceptre, abyss_entry,
          nicolae_elyvilon_temple_path, hell_entry, lemuel_flamethrower_hall,
          uniq_mennas
Hell
Dis:1:    layout_subdivisions, hangedman_dis_decor_blocks_crown
Dis:2:    layout_gridville
Dis:3:    layout_gridville
Dis:4:    layout_gridville
Dis:5:    layout_regular_city
Dis:6:    layout_chaotic_city
Dis:7:    dis_st
Geh:1:    layout_gehenna_pools_box, grunt_megastairs_1
Geh:2:    layout_gehenna_lava_caves
Geh:3:    layout_gehenna_pools_triple
Geh:4:    layout_gehenna_lava_caves
Geh:5:    layout_gehenna_lava_caves
Geh:6:    minmay_firetagon, layout_gehenna_pools_triple
Geh:7:    geh_mu
Coc:1:    grunt_deathspiral_small, layout_cocytus_water_paths
Coc:2:    layout_cocytus_water_paths
Coc:3:    layout_ice_bergs
Coc:4:    layout_cocytus_water_paths
Coc:5:    layout_ice_bergs
Coc:6:    layout_ice_bergs, serial_ice, serial_ice_n, serial_ice_f
Coc:7:    coc_mu
Zot:1:    layout_basic, hangedman_spider_trapstep
Abyss:2:  base: Slime:5, guppyfry_abyss_exit_imp_island, evilmike_abyss_exit_12,
          evilmike_abyss_exit_12, evilmike_abyss_exit_5,
          hangedman_abyss_batty_box, hangedman_decor_peaks_small, minivault_23,
          minivault_23, hangedman_abyss_river_spirits,
          hangedman_abyss_or_decor_clamps, evilmike_abyss_exit_chaos, base:
          Slime:5, base:
Lair:6

Skill      XL: |  1  2  3  4  5  6  7  8  9 10 11 12 13 14 15 16 17 18 19 20 21 22 23 24 25 26 27 |
---------------+----------------------------------------------------------------------------------+-----
Spellcasting   | 5 6 7 8 9 10 11 12 13 14 15 16 17 22 | 22.9
Invocations    | 1 2 3 4 5 6 7 8 9 10 11 12 13 14 15 16 17 18 24 | 24.2
Fighting       | 1 2 3 4 5 6 7 8 9 10 11 12 13 14 15 16 17 24 | 24.1
Short Blades   | 1 2 3 4 5 6 7 8 9 10 11 12 13 14 15 16 17 22 | 22.6
Long Blades    | 1 2 3 4 5 6 7 8 9 10 11 12 13 14 15 16 17 22 | 22.6
Axes           | 1 2 3 4 5 6 7 8 9 10 11 12 13 14 15 16 17 18 19 27 | 27.0
Maces & Flails | 1 2 3 4 5 6 7 8 9 10 11 12 13 14 15 16 17 24 | 24.1
Polearms       | 1 2 3 4 5 6 7 8 9 10 11 12 13 14 15 16 17 22 | 22.6
Staves         | 1 2 3 4 5 6 7 8 9 10 11 12 13 14 15 16 17 25 | 25.1
Slings         | 1 2 3 4 5 6 7 8 9 10 11 12 13 14 15 16 18 19 27 | 27.0
Bows           | 1 2 3 4 5 6 7 8 9 10 11 12 13 14 15 16 17 22 | 22.6
Crossbows      | 1 2 3 4 5 6 7 8 9 10 11 12 13 14 15 16 17 22 | 22.6
Throwing       | 1 2 3 4 5 6 7 8 9 10 11 12 13 14 15 16 17 22 | 22.6
Armour         | 1 2 3 4 5 6 7 8 9 10 11 12 13 14 15 16 17 22 | 22.6
Shields        | 1 2 3 4 5 6 7 8 9 10 11 12 13 14 15 16 17 22 | 22.6
Unarmed Combat | 1 2 3 4 5 6 7 8 9 10 11 12 13 14 15 16 17 22 | 22.6
Evocations     | 1 2 3 4 5 6 7 8 9 10 11 12 13 14 15 16 17 18 19 26 | 26.0
Hexes          | 1 2 3 4 5 6 7 8 9 10 11 12 13 14 19 | 19.6
Summonings     | 1 2 3 4 5 6 7 8 9 10 11 12 13 14 19 | 19.6
Necromancy     | 1 2 3 4 5 6 7 8 9 10 11 12 13 14 19 | 19.6
Translocations | 1 2 3 4 5 6 7 8 9 10 11 12 13 14 19 | 19.6
Transmutations | 1 2 3 4 5 6 7 8 9 10 11 12 13 14 19 | 19.6
Fire Magic     | 1 2 3 4 5 6 7 8 9 10 11 12 13 14 19 | 19.6
Ice Magic      | 1 2 3 4 5 6 7 8 9 10 11 12 13 14 19 | 19.6
Air Magic      | 1 2 3 4 5 6 7 8 9 10 11 12 13 14 19 | 19.6
Earth Magic    | 1 2 3 4 5 6 7 8 9 10 11 12 13 14 19 | 19.6
Poison Magic   | 1 2 3 4 5 6 7 8 9 10 11 12 13 14 19 | 19.6
Dodging        | 5 6 7 8 9 10 11 12 13 14 15 16 17 22 | 22.9
Stealth        | 5 6 7 8 9 10 11 12 13 14 15 16 17 22 | 22.8
Conjurations   | 8 9 10 11 12 13 14 15 16 20 | 20.5

Action                   |  1- 3 |  4- 6 |  7- 9 | 10-12 | 13-15 | 16-18 | 19-21 | 22-24 | 25-27 || total
-------------------------+-------+-------+-------+-------+-------+-------+-------+-------+-------++-------
Melee: Short sword       |     9 |    55 |   173 |    98 |   793 |  1037 |   609 |   465 |   349 ||  3588
       Bite              |     1 |     4 |     7 |    19 |    67 |   119 |    87 |   112 |   953 ||  1369
       Punch             |       |     1 |     4 |     4 |       |       |       |       |       ||     9
       Broad axe         |       |       |       |   195 |     1 |       |    23 |   219 |  1918 ||  2356
       Staff             |       |       |       |       |       |       |   117 |    15 |  1108 ||  1240
       Knife             |       |       |       |       |       |       |    19 |   128 |  3537 ||  3684
       Long sword        |       |       |       |       |       |       |       |       |    79 ||    79
       Double sword      |       |       |       |       |       |       |       |       |   287 ||   287
 Fire: Hunting sling     |       |       |       |       |       |    14 |     2 |       |       ||    16
       Fustibalus        |       |       |       |       |       |       |     1 |    47 |   807 ||   855
Throw: Dart              |       |       |       |       |     4 |     1 |       |       |       ||     5
       Javelin           |       |       |       |       |       |     2 |       |       |    27 ||    29
 Cast: Magic Dart        |    51 |   115 |   161 |    99 |    57 |    77 |     8 |    28 |    66 ||   662
       Searing Ray       |     1 |    11 |    31 |    45 |    23 |       |       |       |       ||   111
       Iskenderun's Myst |       |       |    10 |    52 |    98 |    53 |     2 |    28 |   184 ||   427
       Airstrike         |       |       |       |     7 |    77 |    47 |    86 |    55 |   312 ||   584
       Swiftness         |       |       |       |     1 |     3 |     1 |     1 |     1 |     4 ||    11
       Lightning Bolt    |       |       |       |       |   120 |   117 |    41 |     8 |   131 ||   417
       Metabolic Englaci |       |       |       |       |     5 |    12 |    12 |     5 |    19 ||    53
       Lee's Rapid Decon |       |       |       |       |       |    25 |     3 |    31 |    91 ||   150
       Stone Arrow       |       |       |       |       |       |    20 |     3 |     1 |    12 ||    36
       Ozocubu's Armour  |       |       |       |       |       |     1 |       |       |       ||     1
       Bolt of Magma     |       |       |       |       |       |       |    34 |    48 |   343 ||   425
       Iron Shot         |       |       |       |       |       |       |    25 |    79 |   707 ||   811
       Iskenderun's Batt |       |       |       |       |       |       |       |     4 |       ||     4
       Blink             |       |       |       |       |       |       |       |     1 |    14 ||    15
       Borgnjor's Vile C |       |       |       |       |       |       |       |     1 |    25 ||    26
       Shadow Creatures  |       |       |       |       |       |       |       |       |    21 ||    21
       Summon Hydra      |       |       |       |       |       |       |       |       |    23 ||    23
       Spellforged Servi |       |       |       |       |       |       |       |       |    13 ||    13
       Portal Projectile |       |       |       |       |       |       |       |       |     6 ||     6
       Lesser Beckoning  |       |       |       |       |       |       |       |       |     2 ||     2
Invok: Animate Remains   |       |     2 |       |       |       |       |       |       |       ||     2
       Animate Dead      |       |       |     1 |    19 |    44 |    48 |    20 |    28 |   118 ||   278
       Recall Undead Sla |       |       |       |     3 |     3 |     1 |     9 |     5 |    41 ||    62
       Drain Life        |       |       |       |       |     5 |     7 |     7 |     5 |    15 ||    39
       Injury Mirror     |       |       |       |       |     5 |       |       |       |     7 ||    12
Evoke: Wand              |       |       |     1 |     8 |    13 |    37 |    10 |     4 |   107 ||   180
       Condenser vane    |       |       |       |       |       |     2 |     2 |     2 |     7 ||    13
       Box of beasts     |       |       |       |       |       |     1 |       |       |     2 ||     3
       Phantom mirror    |       |       |       |       |       |     1 |       |       |     1 ||     2
       Lightning rod     |       |       |       |       |       |       |     7 |    13 |    25 ||    45
       Tin of tremorston |       |       |       |       |       |       |     1 |       |    13 ||    14
       Piece from Xom's  |       |       |       |       |       |       |       |     2 |       ||     2
       Horn of Geryon    |       |       |       |       |       |       |       |       |     6 ||     6
       Sceptre of Asmode |       |       |       |       |       |       |       |       |     4 ||     4
  Use: Scroll            |       |     9 |     5 |    17 |    12 |    12 |     9 |    10 |    39 ||   113
       Potion            |       |       |     1 |     2 |     8 |     3 |     2 |     8 |    54 ||    78
 Stab: Sleeping          |       |       |     3 |     9 |     6 |    16 |    20 |    23 |   332 ||   409
       Distracted        |       |       |       |     2 |     6 |    16 |    13 |    15 |    68 ||   120
       Paralysed         |       |       |       |       |     2 |     1 |       |       |     1 ||     4
       Confused          |       |       |       |       |       |     1 |       |       |       ||     1
Armor: Robe              |     5 |    17 |    87 |   110 |       |       |       |       |       ||   219
       Swamp dragon scal |       |       |       |    17 |   330 |   330 |   203 |   293 |  1714 ||  2887
       Ice dragon scales |       |       |       |       |       |       |       |       |   721 ||   721
       Ring mail         |       |       |       |       |       |       |       |       |    29 ||    29
Dodge: Dodged            |    13 |    45 |   165 |   299 |   411 |   459 |   196 |   380 |  3800 ||  5768
Block: Buckler           |       |       |       |    29 |   199 |   373 |    74 |       |       ||   675
       Reflection        |       |       |       |       |       |     7 |    28 |       |       ||    35
       Kite shield       |       |       |       |       |       |       |   326 |   555 |  5177 ||  6058
       Rpst.: Long sword |       |       |       |       |       |       |       |       |     1 ||     1
       Double sword      |       |       |       |       |       |       |       |       |    40 ||    40

Table legend: (Time is in decaauts)
 A = Elapsed time spent in this place.
 B = Non-inter-level travel time spent in this place.
 C = Inter-level travel time spent in this place.
 D = Time resting spent in this place.
 E = Time spent auto-exploring this place.
 F = Levels seen in this place.
 G = Mean time per level.
                   A        B        C        D        E       F      G
               +--------+--------+--------+--------+--------+-----+--------+
         Total | 190334 | 173642 |  16692 |  83464 |  46059 |  97 | 1962.2 |
       Dungeon |  33019 |  28560 |   4459 |  14633 |  10050 |  15 | 2201.3 |
          Lair |  18729 |  16966 |   1763 |   8523 |   4634 |   6 | 3121.5 |
         Swamp |   7415 |   7241 |    174 |   3477 |   2340 |   4 | 1853.8 |
     Snake Pit |  10610 |   9536 |   1074 |   4136 |   3325 |   4 | 2652.5 |
    Slime Pits |   5931 |   5917 |     14 |   4781 |      0 |   5 | 1186.2 |
  Orcish Mines |   5035 |   3890 |   1145 |   2134 |   1246 |   2 | 2517.5 |
   Elven Halls |   7056 |   5822 |   1234 |   2532 |   1805 |   3 | 2352.0 |
        Vaults |  17459 |  14576 |   2883 |   5599 |   5655 |   5 | 3491.8 |
         Crypt |   5857 |   5520 |    337 |   2429 |   1788 |   3 | 1952.3 |
        Depths |  21957 |  18952 |   3005 |  11902 |   3890 |   5 | 4391.4 |
          Hell |   2822 |   2722 |    100 |   1534 |    331 |   1 | 2822.0 |
           Dis |    919 |    919 |      0 |    141 |    133 |   7 |  131.3 |
       Gehenna |   4676 |   4355 |    321 |   1368 |     90 |   7 |  668.0 |
       Cocytus |   4079 |   4005 |     74 |   1049 |    352 |   7 |  582.7 |
           Zot |   1678 |   1573 |    105 |    169 |    985 |   1 | 1678.0 |
         Abyss |   1878 |   1878 |      0 |    389 |    206 |   2 |  939.0 |
   Pandemonium |  40893 |  40893 |      0 |  18664 |   9224 |  18 | 2271.8 |
        Bazaar |    157 |    157 |      0 |      0 |      0 |   1 |  157.0 |
         Trove |    155 |    155 |      0 |      0 |      0 |   1 |  155.0 |
               +--------+--------+--------+--------+--------+-----+--------+

Top non-repeatable levels by time:
Depths:1: 11365 daAuts
  Lair:4: 5812 daAuts
    D:14: 4499 daAuts
    D:12: 4178 daAuts
Vaults:5: 4089 daAuts
Vaults:2: 3501 daAuts
 Snake:3: 3495 daAuts
Vaults:3: 3441 daAuts
Vaults:4: 3335 daAuts
Depths:5: 3253 daAuts
Depths:2: 3204 daAuts
 Swamp:3: 3145 daAuts
Vaults:1: 3090 daAuts
 Snake:2: 3042 daAuts
  Lair:6: 2951 daAuts
